General information
- name: BNet
- type: Ladder team game (AT/RT)
- host: Battle.net
- saver: DirtMcGirt
map: Highperch
- players: 6
- length: 1342:46
- speed: Fast
- version: 1.20 W3XP
- replay type: Public
» download(2350 KB)
Players
team 1 (loser)
DieFatty (
yellow | 4 APM | 4537 actions | 1043:35)
6 Shadow Hunter
2 Serpent Ward
3 Healing Wave
1 Hex
2 Far Seer
1 Far Sight
1 Chain Lighting
2 Paladin
2 Devotion Aura
1 Goblin Tinker
1 Robo-Goblin
» actions
| Assign group hotkey | 1 | |
| Basic commands | 160 | |
| Build / train | 90 | |
| Enter build submenu | 76 | |
| Enter hero's abilities submenu | 14 | |
| Give item / drop item | 4 | |
| Remove unit from queue | 4 | |
| Right click | 1791 | |
| Select / deselect | 1950 | |
| Select group hotkey | 1 | |
| Use ability | 446 | |
4537 total
» units
| Peon | 11 | |
| Grunt | 9 | |
| Demolisher | 9 | |
| Wind Rider | 18 | |
| Tauren | 3 | |
| Troll Batrider | 6 | |
56 total
» upgrades
| Pillage | 1 | |
| Melee Weapons | 1 | |
| Armor | 3 | |
| Ranged Weapons | 3 | |
| Burning Oil | 1 | |
| Liquid Fire | 1 | |
| Spiked Barricades | 2 | |
| Reinforced Defenses | 1 | |
| Envenomed Spears | 1 | |
14 total
» buildings
| Barracks | 1 | |
| Orc Burrow | 9 | |
| Altar of Storms | 1 | |
| War Mill | 1 | |
| Stronghold | 1 | |
| Beastiary | 2 | |
| Fortress | 1 | |
| Tauren Totem | 1 | |
| Voodoo Lounge | 1 | |
| Great Hall | 4 | |
| Watch Tower | 51 | |
73 total
» build order
00:04 Barracks
00:09 Orc Burrow
00:30 Altar of Storms
01:58 Orc Burrow
03:49 Orc Burrow
03:52 War Mill
04:50 Stronghold
10:28 Beastiary
11:04 Fortress
11:08 Beastiary
12:03 Orc Burrow
15:53 Tauren Totem
18:31 Voodoo Lounge
33:13 Great Hall
33:25 Orc Burrow
33:27 Orc Burrow
33:30 Orc Burrow
33:32 Orc Burrow
33:34 Orc Burrow
39:23 Great Hall
42:36 Watch Tower
42:45 Watch Tower
43:54 Watch Tower
44:48 Watch Tower
48:53 Watch Tower
48:56 Watch Tower
48:59 Watch Tower
50:06 Watch Tower
50:09 Watch Tower
50:13 Watch Tower
51:28 Watch Tower
51:32 Watch Tower
51:36 Watch Tower
52:10 Watch Tower
52:14 Watch Tower
52:19 Watch Tower
53:52 Watch Tower
53:56 Watch Tower
58:09 Great Hall
64:20 Great Hall
94:34 Watch Tower
96:10 Watch Tower
96:12 Watch Tower
96:18 Watch Tower
96:24 Watch Tower
97:21 Watch Tower
97:26 Watch Tower
97:32 Watch Tower
97:39 Watch Tower
99:05 Watch Tower
99:08 Watch Tower
99:13 Watch Tower
100:31 Watch Tower
100:35 Watch Tower
102:02 Watch Tower
102:06 Watch Tower
102:10 Watch Tower
103:17 Watch Tower
103:21 Watch Tower
103:28 Watch Tower
104:46 Watch Tower
105:01 Watch Tower
106:10 Watch Tower
113:49 Watch Tower
113:53 Watch Tower
113:58 Watch Tower
114:10 Watch Tower
176:37 Watch Tower
176:42 Watch Tower
176:44 Watch Tower
176:47 Watch Tower
178:58 Watch Tower
179:03 Watch Tower
» items
lemonade (
green | 10 APM | 8848 actions | 901:47)
7 Dreadlord
3 Sleep
3 Vampiric Aura
1 Inferno
1 Goblin Tinker
1 Engineering Upgrade
» actions
| Assign group hotkey | 39 | |
| Basic commands | 935 | |
| Build / train | 105 | |
| Enter build submenu | 32 | |
| Enter hero's abilities submenu | 14 | |
| Give item / drop item | 9 | |
| Remove unit from queue | 2 | |
| Right click | 2456 | |
| Select / deselect | 2874 | |
| Select group hotkey | 1330 | |
| Use ability | 1049 | |
8848 total
» units
| Acolyte | 20 | |
| Ghoul | 10 | |
| Crypt Fiend | 19 | |
| Obsidian Statue | 2 | |
| Meatwagon | 4 | |
| Banshee | 6 | |
| Frost Wyrm | 9 | |
70 total
» upgrades
| Creature Attack | 3 | |
| Web | 1 | |
| Banshee Training | 2 | |
| Unholy Strength | 3 | |
| Destroyer Form | 1 | |
| Freezing Breath | 1 | |
| Creature Carapace | 2 | |
13 total
» buildings
| Altar of Darkness | 1 | |
| Ziggurat | 10 | |
| Crypt | 1 | |
| Graveyard | 1 | |
| Tomb of Relics | 1 | |
| Nerubian Tower | 1 | |
| Halls of the Dead | 1 | |
| Slaughterhouse | 2 | |
| Temple of the Damned | 1 | |
| Black Citadel | 1 | |
| Sacrificial Pit | 1 | |
| Boneyard | 1 | |
| Spirit Tower | 3 | |
| Necropolis | 2 | |
27 total
» build order
00:12 Altar of Darkness
00:15 Ziggurat
00:43 Crypt
00:59 Ziggurat
01:17 Graveyard
01:35 Tomb of Relics
02:29 Nerubian Tower
04:33 Halls of the Dead
05:18 Ziggurat
05:44 Ziggurat
07:53 Slaughterhouse
08:56 Temple of the Damned
09:50 Black Citadel
11:06 Ziggurat
12:50 Sacrificial Pit
14:47 Ziggurat
15:28 Ziggurat
15:36 Ziggurat
16:21 Boneyard
21:35 Spirit Tower
28:15 Ziggurat
28:15 Ziggurat
36:24 Spirit Tower
42:17 Necropolis
42:22 Necropolis
75:04 Slaughterhouse
» items
| Rod of Necromancy | 2 | |
| Dust of Appearance | 2 | |
| Staff of Teleportation | 1 | |
5 total
Purechillz (
red | 36 APM | 2726 actions | 75:35)
3 Paladin
1 Devotion Aura
2 Holy Light
5 Goblin Tinker
3 Cluster Rockets
1 Pocket Factory
1 Engineering Upgrade
» actions
| Basic commands | 67 | |
| Build / train | 62 | |
| Enter build submenu | 21 | |
| Enter hero's abilities submenu | 8 | |
| Right click | 1505 | |
| Select / deselect | 997 | |
| Use ability | 65 | |
2726 total
» units
| Peasant | 9 | |
| Footman | 12 | |
| Rifleman | 6 | |
| Mortar Team | 3 | |
| Gryphon Rider | 2 | |
| Dragonhawk Rider | 6 | |
| Harpy Windwitch | 3 | |
| Harpy Rogue | 2 | |
| Flying Machine | 2 | |
45 total
» upgrades
| Defend | 1 | |
| Long Rifles | 1 | |
| Gunpowder | 1 | |
3 total
» buildings
| Altar of Kings | 2 | |
| Barracks | 3 | |
| Farm | 9 | |
| Lumber Mill | 1 | |
| Arcane Vault | 1 | |
| Keep | 1 | |
| Blacksmith | 1 | |
| Workshop | 1 | |
| Castle | 1 | |
| Gryphon Aviary | 3 | |
23 total
» build order
00:06 Altar of Kings
00:07 Altar of Kings
00:09 Barracks
00:11 Farm
00:42 Farm
01:24 Lumber Mill
02:00 Farm
02:39 Barracks
04:50 Arcane Vault
05:43 Farm
06:36 Farm
07:42 Keep
08:30 Blacksmith
08:33 Barracks
09:55 Farm
10:17 Farm
10:39 Workshop
13:04 Farm
14:53 Castle
15:45 Gryphon Aviary
15:49 Gryphon Aviary
15:54 Gryphon Aviary
17:41 Farm
» items
team 2 (winner)
BEAR_AND (
purple | 24 APM | 10353 actions | 438:14)
5 Warden
2 Shadow Strike
3 Blink
2 Blademaster
2 Mirror Image
» actions
| Assign group hotkey | 39 | |
| Basic commands | 50 | |
| Build / train | 46 | |
| Enter build submenu | 23 | |
| Enter hero's abilities submenu | 9 | |
| Give item / drop item | 13 | |
| Right click | 4847 | |
| Select / deselect | 1590 | |
| Select group hotkey | 2952 | |
| Use ability | 783 | |
10353 total
» units
| Wisp | 20 | |
| Druid of the Talon | 8 | |
28 total
» upgrades
| Druid of the Talon Training | 1 | |
1 total
» buildings
| Altar of Elders | 2 | |
| Moon Well | 10 | |
| Tree of Life | 5 | |
| Tree of Ages | 2 | |
| Ancient of Wind | 3 | |
| Keep | 1 | |
23 total
» build order
00:31 Altar of Elders
00:47 Altar of Elders
00:51 Moon Well
01:54 Moon Well
02:55 Moon Well
05:17 Tree of Life
05:47 Tree of Ages
08:30 Tree of Life
08:39 Tree of Life
09:16 Tree of Ages
11:44 Ancient of Wind
12:47 Ancient of Wind
13:50 Ancient of Wind
13:56 Moon Well
13:57 Moon Well
13:58 Moon Well
18:08 Tree of Life
44:34 Moon Well
44:42 Moon Well
44:44 Moon Well
44:49 Moon Well
49:11 Tree of Life
252:48 Keep
» items
| Tiny Great Hall | 1 | |
| Boots of Speed | 1 | |
| Staff of Teleportation | 1 | |
| Dust of Appearance | 3 | |
6 total
DirtMcGirt (
teal | 6 APM | 8446 actions | 1342:46)
9 Blademaster
3 Wind Walk
3 Critical Strike
2 Bladestorm
1 Mirror Image
» actions
| Assign group hotkey | 1 | |
| Basic commands | 14 | |
| Build / train | 49 | |
| ESC pressed | 2 | |
| Enter build submenu | 69 | |
| Enter hero's abilities submenu | 8 | |
| Give item / drop item | 15 | |
| Remove unit from queue | 3 | |
| Right click | 6339 | |
| Select / deselect | 729 | |
| Select group hotkey | 20 | |
| Use ability | 1197 | |
8446 total
» units
» upgrades
| Spiked Barricades | 0 | |
| Reinforced Defenses | 1 | |
| Liquid Fire | 1 | |
2 total
» buildings
| Altar of Storms | 2 | |
| Orc Burrow | 5 | |
| War Mill | 2 | |
| Watch Tower | 43 | |
| Voodoo Lounge | 1 | |
| Stronghold | 1 | |
| Fortress | 1 | |
| Beastiary | 2 | |
57 total
» build order
00:06 Altar of Storms
00:12 Orc Burrow
00:44 War Mill
02:07 Watch Tower
02:11 Watch Tower
02:27 Orc Burrow
02:47 Watch Tower
03:13 Watch Tower
03:16 Watch Tower
03:20 Watch Tower
04:24 Watch Tower
04:30 Watch Tower
04:39 Voodoo Lounge
04:59 Stronghold
05:40 Watch Tower
05:44 Watch Tower
05:48 Watch Tower
06:45 Watch Tower
06:50 Watch Tower
07:43 Watch Tower
07:46 Fortress
08:21 Watch Tower
08:24 Watch Tower
08:40 Orc Burrow
10:05 Watch Tower
10:11 Watch Tower
10:18 Watch Tower
11:01 Beastiary
11:13 Watch Tower
11:38 Watch Tower
11:46 Watch Tower
11:54 Watch Tower
12:08 Beastiary
14:31 Watch Tower
15:46 Watch Tower
15:48 Watch Tower
17:24 Watch Tower
22:56 War Mill
24:19 Watch Tower
24:29 Watch Tower
24:42 Watch Tower
24:46 Watch Tower
24:52 Watch Tower
26:54 Altar of Storms
27:26 Watch Tower
27:29 Watch Tower
27:35 Watch Tower
27:44 Orc Burrow
28:22 Watch Tower
28:34 Watch Tower
28:50 Watch Tower
29:01 Watch Tower
29:18 Watch Tower
29:38 Orc Burrow
31:01 Watch Tower
32:21 Watch Tower
32:26 Watch Tower
» items
| Lesser Clarity Potion | 1 | |
| Healing Salve | 1 | |
| Staff of Teleportation | 2 | |
| Boots of Speed | 1 | |
| Potion of Healing | 3 | |
| Potion of Mana | 2 | |
| Orb of Lightning | 1 | |
| Scroll of Town Portal | 1 | |
| Dust of Appearance | 3 | |
15 total
MercyfulFate (
blue | 13 APM | 1688 actions | 125:37)
4 Blood Mage
2 Flame Strike
2 Banish
» actions
| Assign group hotkey | 9 | |
| Basic commands | 20 | |
| Build / train | 100 | |
| ESC pressed | 4 | |
| Enter build submenu | 46 | |
| Enter hero's abilities submenu | 5 | |
| Right click | 631 | |
| Select / deselect | 430 | |
| Select group hotkey | 146 | |
| Use ability | 297 | |
1688 total
» units
| Peasant | 20 | |
| Dragonhawk Rider | 8 | |
28 total
» upgrades
| Masonry | 2 | |
| Lumber Harvesting | 1 | |
3 total
» buildings
| Altar of Kings | 1 | |
| Farm | 17 | |
| Lumber Mill | 2 | |
| Scout Tower | 137 | |
| Guard Tower | 55 | |
| Arcane Vault | 1 | |
| Keep | 1 | |
| Town Hall | 1 | |
| Gryphon Aviary | 4 | |
219 total
» build order
00:11 Altar of Kings
00:14 Farm
00:20 Lumber Mill
00:57 Farm
02:02 Scout Tower
02:03 Scout Tower
02:04 Scout Tower
02:06 Scout Tower
02:10 Scout Tower
02:11 Scout Tower
02:13 Scout Tower
02:17 Scout Tower
02:18 Scout Tower
02:29 Guard Tower
02:55 Guard Tower
03:06 Guard Tower
03:25 Guard Tower
03:34 Scout Tower
03:40 Scout Tower
03:47 Guard Tower
03:55 Scout Tower
03:57 Scout Tower
04:00 Scout Tower
04:02 Guard Tower
04:07 Guard Tower
04:17 Guard Tower
04:24 Guard Tower
04:31 Guard Tower
04:58 Arcane Vault
05:03 Guard Tower
05:16 Scout Tower
05:17 Scout Tower
05:17 Scout Tower
05:18 Scout Tower
05:47 Guard Tower
05:57 Guard Tower
06:12 Keep
06:29 Guard Tower
06:31 Scout Tower
06:32 Scout Tower
06:33 Scout Tower
06:47 Town Hall
07:08 Guard Tower
07:42 Scout Tower
07:43 Scout Tower
07:44 Scout Tower
07:45 Scout Tower
07:46 Scout Tower
07:47 Scout Tower
07:47 Scout Tower
07:49 Scout Tower
08:19 Guard Tower
08:39 Guard Tower
09:12 Guard Tower
09:14 Guard Tower
09:16 Guard Tower
09:24 Scout Tower
09:26 Scout Tower
09:27 Scout Tower
09:27 Scout Tower
09:28 Scout Tower
09:35 Gryphon Aviary
09:36 Gryphon Aviary
09:56 Guard Tower
10:42 Guard Tower
11:01 Gryphon Aviary
11:07 Guard Tower
11:52 Scout Tower
11:54 Scout Tower
11:54 Scout Tower
11:55 Scout Tower
12:33 Guard Tower
12:52 Guard Tower
12:55 Guard Tower
13:04 Farm
13:04 Farm
13:06 Farm
13:06 Farm
15:09 Guard Tower
15:12 Farm
15:13 Farm
15:14 Farm
19:04 Scout Tower
19:05 Scout Tower
19:07 Scout Tower
19:09 Scout Tower
19:19 Scout Tower
19:23 Scout Tower
19:28 Scout Tower
19:31 Scout Tower
19:34 Scout Tower
20:45 Guard Tower
20:52 Scout Tower
20:53 Scout Tower
20:54 Scout Tower
20:55 Scout Tower
20:58 Scout Tower
21:00 Scout Tower
21:01 Scout Tower
21:02 Scout Tower
21:04 Scout Tower
22:09 Guard Tower
22:16 Gryphon Aviary
22:20 Scout Tower
22:21 Scout Tower
22:25 Scout Tower
22:26 Scout Tower
22:28 Scout Tower
22:29 Scout Tower
22:31 Scout Tower
22:37 Scout Tower
22:39 Scout Tower
22:41 Scout Tower
22:42 Scout Tower
22:54 Guard Tower
23:32 Scout Tower
23:34 Scout Tower
23:37 Scout Tower
23:48 Guard Tower
24:07 Scout Tower
24:09 Scout Tower
24:10 Scout Tower
24:16 Scout Tower
24:17 Scout Tower
24:28 Scout Tower
24:31 Scout Tower
24:39 Scout Tower
24:41 Scout Tower
24:44 Scout Tower
25:11 Lumber Mill
26:29 Scout Tower
26:30 Scout Tower
26:33 Guard Tower
26:43 Scout Tower
26:46 Scout Tower
26:52 Scout Tower
26:56 Scout Tower
26:59 Scout Tower
27:00 Scout Tower
27:06 Scout Tower
27:09 Scout Tower
27:11 Scout Tower
27:12 Scout Tower
27:13 Scout Tower
27:18 Scout Tower
27:18 Scout Tower
27:19 Scout Tower
27:25 Guard Tower
28:03 Guard Tower
28:34 Guard Tower
28:46 Scout Tower
28:48 Scout Tower
28:52 Scout Tower
28:52 Scout Tower
28:53 Scout Tower
29:10 Guard Tower
29:43 Guard Tower
29:58 Guard Tower
30:24 Scout Tower
30:50 Scout Tower
30:52 Scout Tower
30:53 Scout Tower
30:55 Scout Tower
31:02 Scout Tower
31:03 Scout Tower
31:05 Scout Tower
31:22 Guard Tower
31:28 Scout Tower
31:29 Scout Tower
31:30 Scout Tower
31:32 Scout Tower
31:33 Scout Tower
31:35 Scout Tower
31:48 Guard Tower
32:13 Guard Tower
32:55 Guard Tower
33:16 Guard Tower
33:23 Scout Tower
33:24 Scout Tower
33:25 Scout Tower
33:26 Scout Tower
33:27 Scout Tower
33:28 Scout Tower
34:07 Guard Tower
34:38 Guard Tower
35:10 Guard Tower
35:19 Guard Tower
35:43 Scout Tower
35:47 Scout Tower
35:49 Scout Tower
35:51 Scout Tower
35:54 Guard Tower
36:12 Guard Tower
36:49 Scout Tower
36:50 Scout Tower
36:52 Scout Tower
36:54 Scout Tower
36:58 Scout Tower
36:59 Scout Tower
37:23 Guard Tower
38:03 Scout Tower
38:04 Scout Tower
38:06 Scout Tower
38:07 Scout Tower
38:11 Scout Tower
38:32 Guard Tower
39:20 Guard Tower
39:23 Guard Tower
40:01 Guard Tower
66:46 Farm
66:48 Farm
66:51 Farm
67:06 Farm
67:09 Farm
69:28 Farm
69:35 Farm
69:44 Farm
» items
| Scroll of Regeneration | 1 | |
| Potion of Mana | 3 | |
| Potion of Healing | 2 | |
| Healing Salve | 1 | |
| Tiny Great Hall | 1 | |
8 total
Chat log
(00:01 / Allies) DirtMcGirt: gg
(00:01 / Allies) BEAR_AND: oh baby
(00:14 / Allies) DirtMcGirt: mass dotts
(00:17 / Allies) BEAR_AND: yes
(00:19 / Allies) DirtMcGirt: and mercy dhawks
(00:32 / Allies) MercyfulFate: Yar
(00:45 / Allies) BEAR_AND: haha
(00:47 / Allies) DirtMcGirt: noob_and
(01:48 / Allies) BEAR_AND: yo dirt you tower on my side
(01:52 / Allies) DirtMcGirt: yah nigga
(02:17 / Allies) BEAR_AND: mines as soon as towers are there
(02:56 / Allies) DirtMcGirt: lol aret hey all orc
(03:02 / All) lemonade: lol?
(04:51 / Allies) DirtMcGirt: let me get a lil gold pls
(05:12 / Allies) BEAR_AND: prebuilding hall
(05:25 / Allies) DirtMcGirt: clear one of the xpos
(05:30 / Allies) MercyfulFate: Working
(05:57 / Allies) DirtMcGirt: i mean bear
(06:02 / Allies) DirtMcGirt: mass dotts
(06:06 / Allies) BEAR_AND: i am
(06:07 / Allies) DirtMcGirt: and clear mountian expos
(06:10 / Allies) DirtMcGirt: or just one
(06:12 / Allies) DirtMcGirt: we only take one
(06:15 / Allies) BEAR_AND: yeah
(06:22 / Allies) DirtMcGirt: i like the right how bout yuo?
(06:28 / Allies) BEAR_AND: yeah i prefer that one
(06:38 / Allies) DirtMcGirt: im going tier 3 asap
(06:40 / Allies) DirtMcGirt: for tiny hall
(06:42 / Allies) BEAR_AND: k
(06:43 / Allies) BEAR_AND: good
(06:52 / Allies) BEAR_AND: nice work mercy
(06:56 / Allies) MercyfulFate: Thanx
(07:03 / Allies) BEAR_AND: damn
(07:15 / Allies) BEAR_AND: send help
(07:30 / Allies) DirtMcGirt: omw
(08:08 / Allies) MercyfulFate: Sux
(09:05 / Allies) DirtMcGirt: tp
(09:11 / Allies) MercyfulFate: I'm lagging
(09:30 / All) DieFatty: LOL!
(09:38 / Allies) BEAR_AND: shit
(09:41 / All) DieFatty: wow.
(09:48 / All) DirtMcGirt: wow we almost are as bad as you guys
(09:49 / All) DieFatty: you guys are fun
(09:49 / All) DieFatty: LOL
(09:50 / Allies) BEAR_AND: we need to block off the pass
(09:54 / Allies) BEAR_AND: next time
(09:55 / Allies) BEAR_AND: with towers
(10:00 / Allies) DirtMcGirt: militia
(10:01 / Allies) DirtMcGirt: them
(10:03 / Allies) MercyfulFate: My pass is blocked
(10:05 / All) DieFatty: almost eh?
(10:14 / Allies) BEAR_AND: i mean make it impossible to walk through
(10:36 / All) DirtMcGirt: D
(10:42 / All) lemonade: k
(10:43 / Allies) DirtMcGirt: tiny hall available
(10:46 / All) lemonade: we arnt noobs
(10:50 / All) DieFatty: dont tell him
(11:17 / Allies) DirtMcGirt: build a couple towers in main
(12:23 / All) DieFatty: YEE
(12:34 / Allies) BEAR_AND: do i need t3?
(12:37 / Allies) DirtMcGirt: nah
(12:41 / Allies) BEAR_AND: k
(12:43 / Allies) DirtMcGirt: buy a tiny hall
(12:46 / Allies) DirtMcGirt: when you can
(12:52 / Allies) DirtMcGirt: fuck
(12:53 / Allies) DirtMcGirt: siege
(14:03 / Allies) MercyfulFate: dotts
(14:08 / Allies) BEAR_AND: coming
(14:19 / Allies) DirtMcGirt: take out siege pls
(16:05 / Allies) DirtMcGirt: gold me somoene pls
(16:13 / Allies) DirtMcGirt: ty
(16:14 / Allies) MercyfulFate: Careful
(16:16 / Allies) MercyfulFate: Remember jew time
(16:18 / Allies) DirtMcGirt: yeah
(16:23 / Allies) DirtMcGirt: start jewing your gold
(16:25 / Allies) BEAR_AND: i'm up
(16:25 / Allies) DirtMcGirt: mercy
(16:29 / Allies) DirtMcGirt: do you have tp stick?
(16:33 / Allies) MercyfulFate: No
(16:38 / Allies) MercyfulFate: Thanks
(16:59 / Allies) MercyfulFate: Should I put a hall up here?
(17:04 / Allies) BEAR_AND: umm
(17:05 / Allies) BEAR_AND: yes
(17:08 / Allies) DirtMcGirt: yeah
(17:23 / Allies) BEAR_AND: if we get the side mines down to 5k
(17:25 / Allies) BEAR_AND: and our mains empty
(17:26 / Allies) BEAR_AND: we're good
(18:32 / Allies) BEAR_AND: yo get some towers going mercy
(18:36 / Allies) MercyfulFate: Yeah sorry
(18:37 / Allies) MercyfulFate: Forgot
(19:57 / Allies) BEAR_AND: well i have a bunch of crows
(20:08 / Allies) DirtMcGirt: i think i got all reds peasants
(20:13 / Allies) BEAR_AND: kik
(20:14 / Allies) BEAR_AND: lol
(20:15 / Allies) BEAR_AND: nice
(20:31 / All) DirtMcGirt: red bro do u have any more peasants?
(20:38 / All) Purechillz: yea
(20:44 / All) lemonade: lol
(20:45 / All) Purechillz: its cool
(20:52 / All) DieFatty: our bases lol
(20:57 / Allies) BEAR_AND: hey dirt
(20:59 / Allies) BEAR_AND: get some peons
(20:59 / Allies) BEAR_AND: up
(21:26 / Allies) DirtMcGirt: brt
(21:41 / Allies) DirtMcGirt: ur lying bro
(22:17 / Allies) BEAR_AND: get yoself a tp
(22:18 / Allies) DirtMcGirt: ok
(22:19 / Allies) BEAR_AND: and up here
(22:20 / Allies) DirtMcGirt: i tp up now
(22:31 / Allies) BEAR_AND: lol
(22:35 / Allies) BEAR_AND: that's l ike the 5th main there
(23:17 / All) Purechillz: YO NICE TRY THO
(23:19 / All) Purechillz: LOL
(23:23 / All) DirtMcGirt: just be honest
(23:23 / All) DieFatty: it was cute
(23:25 / Allies) MercyfulFate: Out of upkeep
(23:26 / Allies) MercyfulFate: Bleh
(23:32 / All) DirtMcGirt: i got all your peasants right
(23:43 / Allies) DirtMcGirt: towesr her pls
(23:45 / All) DieFatty: not even
(23:52 / Allies) MercyfulFate: Where?
(24:02 / Allies) DirtMcGirt: tower north
(24:12 / Allies) BEAR_AND: yo dirt
(24:14 / Allies) BEAR_AND: leave some trees
(24:16 / Allies) BEAR_AND: so i can wisp them
(24:20 / Allies) BEAR_AND: for infinite wood
(25:02 / All) Purechillz: does that strat only work for this level
(25:08 / Allies) DirtMcGirt: y>
(25:14 / Allies) BEAR_AND: this is the first time we tried it on this level>..
(25:16 / All) DirtMcGirt: y?
(25:17 / All) MercyfulFate: what level
(25:20 / All) BEAR_AND: this is the first time we tried...
(25:20 / All) lemonade: this one
(25:23 / All) Purechillz: i mean this map
(26:19 / All) DieFatty: where do you think your going?
(26:38 / Allies) BEAR_AND: save samuro!!!
(26:46 / Allies) BEAR_AND: opps
(26:56 / All) DieFatty: we could have won 3
(27:18 / All) DirtMcGirt: lol meanwhile we aret takin ur expos
(27:42 / All) Purechillz: LOL
(27:50 / All) MercyfulFate: well, gg guys
(27:52 / All) MercyfulFate: you win
(27:53 / All) DieFatty: gg
(27:53 / All) BEAR_AND: wait
(27:54 / All) DieFatty: lol
(27:55 / All) Purechillz: yep
(27:55 / All) BEAR_AND: leave that last tower
(27:57 / All) BEAR_AND: i want tot alk
(27:59 / All) BEAR_AND: fuck
(27:59 / All) DieFatty: ?
(28:01 / All) DirtMcGirt: gg just finish it
(28:04 / All) DieFatty: channel ho3
(28:04 / All) BEAR_AND: gg
(28:11 / All) DirtMcGirt: finish this game pls
(28:16 / All) BEAR_AND: gg finish it
(28:19 / All) BEAR_AND: end it
(28:21 / All) Purechillz: where?
(28:25 / All) DirtMcGirt: ur expos
(28:27 / All) DirtMcGirt: Lol
(28:31 / All) MercyfulFate: gg guys
(28:32 / All) BEAR_AND: bottom left
(28:33 / All) BEAR_AND: cave
(28:48 / Allies) BEAR_AND: we're pretty behind on resources - who needs gold/wood?
(28:54 / Allies) DirtMcGirt: im good
(28:56 / Allies) MercyfulFate: i'm set
(28:58 / Allies) MercyfulFate: 4k/1k
(29:00 / Allies) BEAR_AND: ok good
(29:04 / Allies) MercyfulFate: 12 dhawks
(29:05 / Allies) BEAR_AND: 4k/1k here too
(29:10 / Allies) BEAR_AND: 15 crows
(29:19 / All) MercyfulFate: fuxxx
(29:22 / All) MercyfulFate: well, gg
(29:29 / All) MercyfulFate: here we go
(29:31 / Allies) BEAR_AND: yeah
(29:38 / All) MercyfulFate: or not
(29:39 / Allies) BEAR_AND: nm
(29:41 / Allies) BEAR_AND: lol
(29:42 / All) DirtMcGirt: g fuckin g
(29:45 / All) DieFatty: lol
(29:46 / All) DieFatty: gg
(29:48 / Allies) BEAR_AND: switch to allies chan lol
(29:58 / All) Purechillz: MY CAT IS ATTACKING MY LEG
(30:02 / All) DieFatty: LOL
(30:02 / Allies) BEAR_AND: coming
(30:03 / All) DieFatty: kitty?
(30:07 / All) Purechillz: NO
(30:09 / Allies) DirtMcGirt: we will have to switch to dotts
(30:10 / All) DieFatty: molly?!
(30:10 / Allies) DirtMcGirt: to come down
(30:14 / Allies) BEAR_AND: i know
(30:21 / Allies) DirtMcGirt: oh nice
(30:25 / All) DieFatty: lol
(30:27 / Allies) BEAR_AND: silly wisp
(30:30 / Allies) DirtMcGirt: good thing
(30:31 / All) Purechillz: gawd damn
(30:35 / Allies) DirtMcGirt: they dont have bats
(30:42 / Allies) DirtMcGirt: dont tell em where we are i wonder how long they look
(30:44 / Allies) BEAR_AND: i'm scouting
(30:54 / Allies) DirtMcGirt: yah mercy the doodas on here are tricky
(31:13 / Allies) MercyfulFate: And here we go
(31:13 / All) DieFatty: LOL
(31:27 / Allies) DirtMcGirt: i didnt leave alot of gold in my mine
(31:34 / Allies) DirtMcGirt: fuk
(31:38 / Allies) MercyfulFate: i killed mine
(31:52 / All) DirtMcGirt: fuck wtf
(31:56 / All) DirtMcGirt: how are we still alive lol
(32:00 / All) DirtMcGirt: all we have is one dott
(32:02 / Allies) BEAR_AND: they found us fyi
(32:02 / All) DirtMcGirt: on the left side
(32:04 / All) lemonade: liars
(32:07 / All) DieFatty: lol
(32:07 / Allies) MercyfulFate: heh
(32:10 / All) MercyfulFate: well, gg guys
(32:12 / All) DirtMcGirt: gg
(32:12 / All) DieFatty: i saw your little army
(32:12 / All) lemonade: all shall be reveiled
(32:29 / Allies) BEAR_AND: more towers imo
(32:35 / Allies) MercyfulFate: i got more on the way
(32:37 / Allies) MercyfulFate: then im outta wood
(32:38 / Allies) DirtMcGirt: more towere here
(32:44 / Allies) DirtMcGirt: we got infinite wood
(32:56 / Allies) BEAR_AND: i dunno theoretically we do
(32:58 / Allies) BEAR_AND: i can't make more wisps
(33:02 / Allies) BEAR_AND: 36/10 resources
(33:08 / Allies) MercyfulFate: 42/12
(33:39 / Allies) DirtMcGirt: creeping and selling items
(33:43 / Allies) BEAR_AND: gj
(33:44 / Allies) DirtMcGirt: for more jew gold
(33:54 / All) lemonade: howd u get up there?
(33:56 / Allies) BEAR_AND: they haven't even expanded
(34:00 / All) MercyfulFate: hacks
(34:01 / Allies) DirtMcGirt: lol
(34:03 / All) lemonade: k
(34:04 / All) BEAR_AND: dont report plz
(34:04 / All) MercyfulFate: please don't tell
(34:07 / All) lemonade: we will watch replay
(34:08 / All) Purechillz: reported.
(34:13 / All) DieFatty: yeah
(34:14 / All) DieFatty: lol
(34:20 / Allies) MercyfulFate: jeeez
(35:00 / Allies) MercyfulFate: it begins
(35:05 / Allies) MercyfulFate: the units sitting at the base of the hill
(35:10 / Allies) DirtMcGirt: lol they have siege?
(35:15 / Allies) MercyfulFate: no, you know how it goes
(35:17 / Allies) MercyfulFate: they just sit there
(35:21 / All) BEAR_AND: don't think that cata's going to reach man
(35:28 / Allies) DirtMcGirt: dont kill siege
(35:32 / Allies) DirtMcGirt: so they are at high food
(35:39 / Allies) BEAR_AND: i know
(35:50 / Allies) DirtMcGirt: uh red
(35:52 / All) DirtMcGirt: red
(36:07 / Allies) BEAR_AND: you should tp up and hang out at the health fount
(36:21 / Allies) BEAR_AND: welcome back
(36:22 / All) DirtMcGirt: red u lied
(36:27 / All) DirtMcGirt: where are ur peasants
(36:29 / All) lemonade: oh my
(36:33 / All) lemonade: gonna tell on us?
(36:33 / All) Purechillz: THERE DEAD K?
(36:37 / All) DirtMcGirt: SRRY
(36:41 / All) Purechillz: I KILLED THEM
(37:01 / Allies) BEAR_AND: samuro can visit
(37:02 / All) DirtMcGirt: FUCK
(37:05 / All) DirtMcGirt: HOW U KNOW
(37:07 / All) DirtMcGirt: WE UP HERE
(37:11 / Allies) BEAR_AND: hahaha they went far sight
(37:12 / All) lemonade: skills
(37:18 / Allies) MercyfulFate: KNEW IT
(37:30 / All) BEAR_AND: yo did you find the hidden lab too?
(37:38 / All) MercyfulFate: and the cave to get up here
(37:50 / Allies) DirtMcGirt: lol u fags watche the replay too
(37:57 / Allies) MercyfulFate: it's awesome
(37:59 / Allies) DirtMcGirt: i know
(38:07 / Allies) DirtMcGirt: i was in it ;)
(38:14 / Allies) MercyfulFate: Duhhh
(38:16 / Allies) BEAR_AND: tempted to build a main downstairs and take an expo
(38:19 / Allies) DirtMcGirt: thats why its so cool
(38:20 / Allies) BEAR_AND: they aren't doing much
(38:21 / Allies) MercyfulFate: Same
(38:27 / Allies) DirtMcGirt: scouting
(38:28 / Allies) DirtMcGirt: idk
(38:30 / Allies) DirtMcGirt: its risky
(38:30 / Allies) MercyfulFate: Get a dott down there
(38:37 / Allies) MercyfulFate: so
(38:39 / Allies) MercyfulFate: quick cancel
(38:40 / Allies) DirtMcGirt: turn this into toll
(38:45 / Allies) BEAR_AND: ?
(39:13 / Allies) DirtMcGirt: haha
(39:16 / Allies) MercyfulFate: Heh
(39:16 / Allies) DirtMcGirt: didnt cancel mine
(39:23 / Allies) BEAR_AND: dott
(39:35 / Allies) MercyfulFate: that mine's pretty much dry
(40:08 / Allies) MercyfulFate: I consider this island complete
(40:15 / Allies) BEAR_AND: looks good
(40:20 / Allies) BEAR_AND: how the fuck do i get more wisps
(40:30 / Allies) DirtMcGirt: tree of life
(40:30 / Allies) DirtMcGirt: but
(40:33 / Allies) DirtMcGirt: its real risky
(40:38 / Allies) BEAR_AND: no, i need to build moon wells
(40:42 / Allies) BEAR_AND: don't think it's worth the gold though
(41:21 / Allies) BEAR_AND: careful
(41:31 / Allies) MercyfulFate: Phew
(41:33 / Allies) BEAR_AND: wooh
(41:39 / Allies) DirtMcGirt: i got the items too
(41:43 / Allies) BEAR_AND: ahhh
(41:46 / Allies) BEAR_AND: go away
(41:52 / Allies) BEAR_AND: shades!!!
(42:01 / Allies) MercyfulFate: You're crazy, dirt!
(42:07 / Allies) BEAR_AND: tp asap
(42:17 / Allies) BEAR_AND: get up here
(42:22 / Allies) MercyfulFate: Heh
(42:29 / Allies) MercyfulFate: Batss
(42:36 / Allies) BEAR_AND: i saw no bats
(42:41 / Allies) MercyfulFate: Beastiaries making stuff
(42:48 / Allies) BEAR_AND: they have only wyverns so far
(42:48 / Allies) MercyfulFate: What else
(42:52 / Allies) MercyfulFate: I suppose
(42:54 / Allies) BEAR_AND: they aren't so smart
(42:59 / Allies) MercyfulFate: forgive me
(43:01 / Allies) DirtMcGirt: they are pretty horrible
(43:12 / Allies) DirtMcGirt: YOU FUCKING CUNTS
(43:18 / Allies) MercyfulFate: Sorry
(43:19 / Allies) DirtMcGirt: SHARE CONTROL ARGH
(43:27 / Allies) BEAR_AND: i'm gonna build some wells
(43:28 / Allies) DirtMcGirt: well just mercy
(43:28 / Allies) MercyfulFate: i thought i did
(43:30 / Allies) MercyfulFate: whoops
(43:31 / Allies) DirtMcGirt: its ok
(43:40 / Allies) DirtMcGirt: ok
(43:44 / Allies) DirtMcGirt: im playing a new game now
(43:50 / Allies) DirtMcGirt: called pick off reds units
(43:52 / Allies) MercyfulFate: nooo
(43:55 / Allies) MercyfulFate: oh
(43:56 / Allies) MercyfulFate: yayayyy
(44:20 / Allies) MercyfulFate: 4k
(44:21 / Allies) MercyfulFate: not good
(44:27 / Allies) MercyfulFate: i say its worth it
(45:21 / Allies) BEAR_AND: lol
(45:31 / Allies) DirtMcGirt: pwned
(45:54 / Allies) BEAR_AND: almost there
(46:03 / Allies) BEAR_AND: try not to attract attention northwest dirt
(46:10 / Allies) DirtMcGirt: just creeping this
(46:11 / Allies) MercyfulFate: if we had expanded when we talked about it earlier...
(46:22 / Allies) DirtMcGirt: nah
(46:28 / Allies) DirtMcGirt: more fiun for them to take the gold
(46:48 / Allies) MercyfulFate: no upgrade for ff?
(46:56 / All) MercyfulFate: i love mark of the talon
(47:09 / Allies) MercyfulFate: he's so close
(47:13 / Allies) MercyfulFate: hey birdie
(47:26 / Allies) BEAR_AND: got wisps up here yesss
(47:35 / All) DirtMcGirt: Good bye
(47:44 / Allies) MercyfulFate: they have dhawk
(47:45 / Allies) MercyfulFate: we may be in trouble
(47:49 / Allies) DirtMcGirt: they cant
(47:55 / Allies) DirtMcGirt: i made sure of that
(47:55 / Allies) MercyfulFate: ?
(48:01 / Allies) DirtMcGirt: i killed peasants
(48:05 / Allies) MercyfulFate: ah
(48:34 / All) DieFatty: but you do understand
(48:41 / All) MercyfulFate: rarely
(48:41 / All) DieFatty: we did kick your asses
(48:43 / All) DieFatty: lol
(48:47 / All) DirtMcGirt: uh
(48:51 / All) MercyfulFate: again, it's rare
(48:52 / Allies) BEAR_AND: what do you think, should i take my old mine?
(48:53 / Allies) DirtMcGirt: we were planning on this the whole time
(48:58 / Allies) MercyfulFate: fuck yeah
(48:59 / All) DirtMcGirt: we were planning on this the whole time
(49:04 / All) DieFatty: i bet you were
(49:05 / All) MercyfulFate: no we weren't
(49:05 / Allies) BEAR_AND: we would need dirt to distract/keep watch around it always
(49:07 / Allies) BEAR_AND: ok?
(49:08 / All) MercyfulFate: i made up the idea on the spot
(49:35 / Allies) BEAR_AND: oh shit, what if there's a shade
(50:00 / Allies) MercyfulFate: why do people do that
(50:04 / Allies) MercyfulFate: it does nothing
(50:06 / Allies) BEAR_AND: wasting mana potions
(50:22 / Allies) MercyfulFate: HARPIES
(50:25 / Allies) BEAR_AND: hahahaha
(50:39 / Allies) BEAR_AND: why would they get harpies
(50:50 / All) DirtMcGirt: gj
(50:57 / All) BEAR_AND: that was a lot of sleeps
(50:58 / Allies) DirtMcGirt: harpies for faerie fire
(51:00 / Allies) MercyfulFate: missiles
(51:03 / All) lemonade: i got plenty of mana
(51:04 / All) DirtMcGirt: im all rested now ty
(51:13 / All) BEAR_AND: dirtmcgirt you lazy guy
(51:33 / All) DirtMcGirt: haha why are you towering that?
(51:38 / All) DieFatty: why not?
(51:44 / All) MercyfulFate: duh
(51:48 / All) DirtMcGirt: thats righ you have infinite money
(51:54 / All) DieFatty: well, i do
(51:56 / Allies) MercyfulFate: doing it?
(52:02 / Allies) MercyfulFate: take the mine
(52:09 / Allies) BEAR_AND: yes
(52:09 / Allies) DirtMcGirt: ill get dust
(52:15 / Allies) BEAR_AND: shit
(52:23 / Allies) DirtMcGirt: im coming
(53:06 / All) DirtMcGirt: FUCK
(53:07 / All) DirtMcGirt: GG
(53:07 / Allies) MercyfulFate: sux
(53:08 / Allies) BEAR_AND: what da heck
(53:10 / All) Purechillz: k
(53:13 / All) Purechillz: plz leave
(53:16 / Allies) BEAR_AND: k
(53:18 / All) BEAR_AND: k
(53:19 / All) DirtMcGirt: K
(53:21 / All) Purechillz: i dont want to do this
(53:24 / All) Purechillz: anymore
(53:24 / All) DirtMcGirt: then leave
(53:25 / All) DirtMcGirt: we win
(53:27 / All) DirtMcGirt: u lose
(53:30 / All) Purechillz: we won stupid
(53:31 / All) lemonade: hell no
(53:33 / All) DirtMcGirt: NEENER NEENER NEENER
(53:35 / All) DirtMcGirt: u lose
(53:36 / All) DirtMcGirt: u
(53:37 / All) DirtMcGirt: lose
(53:40 / All) MercyfulFate: oh man, whoa man, dude
(53:41 / All) DieFatty: sight.
(53:44 / All) BEAR_AND: sight
(54:15 / Allies) BEAR_AND: secret wispland
(54:23 / Allies) BEAR_AND: ty
(54:26 / Allies) MercyfulFate: Heh
(54:32 / Allies) MercyfulFate: Just bored
(54:37 / Allies) BEAR_AND: this is a cute wisp grove
(54:43 / Allies) BEAR_AND: ~wisps only~
(54:46 / Allies) DirtMcGirt: guys
(54:50 / Allies) MercyfulFate: sylvos loves his forest home
(54:51 / Allies) DirtMcGirt: im glad we can share this moment
(54:53 / Allies) MercyfulFate: ?
(54:54 / Allies) DirtMcGirt: in the moments
(54:59 / Allies) DirtMcGirt: highperch mountain
(55:03 / Allies) DirtMcGirt: instead of brokeback hurr
(55:11 / Allies) BEAR_AND: it's so cold
(55:16 / Allies) DirtMcGirt: come
(55:19 / Allies) DirtMcGirt: closer...
(55:22 / Allies) BEAR_AND: mind if i come in your 2222
(55:24 / Allies) BEAR_AND: 22
(55:32 / Allies) DirtMcGirt: u sure
(55:38 / Allies) DirtMcGirt: shades
(56:06 / Allies) MercyfulFate: use secret hideout lair
(56:11 / Allies) BEAR_AND: i call it
(56:13 / Allies) BEAR_AND: lumber city
(56:29 / Allies) DirtMcGirt: gg wells
(56:43 / Allies) MercyfulFate: should be ok
(56:47 / Allies) BEAR_AND: yes
(56:47 / All) DirtMcGirt: FUCK
(56:48 / All) DirtMcGirt: GG
(56:51 / All) BEAR_AND: gg
(57:06 / Allies) BEAR_AND: goodbye frost
(57:08 / Allies) MercyfulFate: carp
(57:24 / All) BEAR_AND: :(
(57:24 / Allies) DirtMcGirt: move em back
(57:37 / Allies) MercyfulFate: quick
(57:39 / Allies) MercyfulFate: cancel build
(57:44 / Allies) BEAR_AND: what build
(57:51 / Allies) MercyfulFate: stupid joke
(57:53 / Allies) BEAR_AND: lol
(57:55 / Allies) MercyfulFate: i stupid
(58:21 / Allies) MercyfulFate: lol
(58:30 / Allies) MercyfulFate: only green's expanded, it appears
(58:37 / Allies) BEAR_AND: only 2 bats
(58:37 / Allies) MercyfulFate: and they hate this minre
(58:40 / Allies) BEAR_AND: they are terrible
(58:44 / Allies) BEAR_AND: ok 4
(58:44 / Allies) MercyfulFate: 4
(58:50 / All) DirtMcGirt: shades are for queers
(58:55 / Allies) MercyfulFate: i have aviary
(58:56 / All) DieFatty: Bm is for queers
(59:00 / All) lemonade: that s why i got
(59:02 / All) lemonade: Em
(59:04 / All) DirtMcGirt: HAHA
(59:05 / All) DirtMcGirt: HAHAH
(59:06 / All) lemonade: to find YOU
(59:06 / Allies) BEAR_AND: hmm you can actually blink down
(59:06 / All) DirtMcGirt: HAHAH
(59:07 / All) DirtMcGirt: HAHAHA
(59:08 / All) DirtMcGirt: HAHAH
(59:08 / Allies) BEAR_AND: pretty funny
(59:09 / All) DirtMcGirt: HAHAH
(59:12 / All) DirtMcGirt: thats right
(59:16 / All) DirtMcGirt: dont forget it fag
(59:29 / Allies) BEAR_AND: i want level 3 blink
(59:42 / Allies) DirtMcGirt: want a tome of retraining?
(59:46 / Allies) BEAR_AND: no
(59:50 / Allies) BEAR_AND: i'm only level 3.999 anyway
(60:16 / Allies) BEAR_AND: why does he build a necropolis everywhere
(60:22 / Allies) MercyfulFate: to tp
(60:22 / Allies) DirtMcGirt: idk
(60:27 / Allies) MercyfulFate: he is smart
(60:36 / Allies) BEAR_AND: fiscally aware
(60:45 / Allies) BEAR_AND: what's the best way to get true sight
(60:55 / Allies) MercyfulFate: gem of true sight
(60:55 / Allies) BEAR_AND: i can't find where to build a science vessel
(60:58 / Allies) MercyfulFate: hero drops it if you die
(61:09 / Allies) MercyfulFate: SPAWN MORE OVERLORDS
(61:10 / All) DirtMcGirt: hey guys
(61:12 / All) DirtMcGirt: how r u
(61:19 / All) lemonade: good
(61:22 / All) DieFatty: im aight
(61:31 / Allies) BEAR_AND: you is gonna die
(61:39 / Allies) BEAR_AND: tp
(61:39 / Allies) DirtMcGirt: nah nigga
(61:46 / Allies) DirtMcGirt: i dont die
(61:52 / Allies) BEAR_AND: you have a track record
(61:55 / Allies) BEAR_AND: of dying
(61:56 / Allies) MercyfulFate: as little as you should
(61:57 / Allies) DirtMcGirt: i
(62:01 / Allies) DirtMcGirt: died twice this game
(62:02 / Allies) MercyfulFate: i die more
(62:03 / Allies) DirtMcGirt: wiat
(62:04 / Allies) BEAR_AND: god damn it
(62:05 / Allies) DirtMcGirt: yah
(62:06 / Allies) DirtMcGirt: twice
(62:07 / Allies) BEAR_AND: tehy got my last wisp
(62:11 / Allies) DirtMcGirt: i only died twice fag
(62:13 / Allies) DirtMcGirt: its cool
(62:16 / Allies) DirtMcGirt: you have dota
(62:18 / Allies) DirtMcGirt: dotts
(62:24 / Allies) DirtMcGirt: and we use em as an elavator
(62:25 / Allies) BEAR_AND: yeah but now i can never expand
(62:35 / Allies) MercyfulFate: it's just not in the cards
(62:37 / Allies) DirtMcGirt: dont give up
(62:40 / Allies) BEAR_AND: oh well
(62:43 / All) DirtMcGirt: how long are you guys gonna stay
(62:48 / All) Purechillz: forever
(62:49 / All) DieFatty: ill leave it on all night
(62:50 / All) DirtMcGirt: im planning on a couple of days for me
(62:55 / All) DirtMcGirt: how bout
(62:57 / All) lemonade: same here
(62:58 / All) DirtMcGirt: on christmas
(63:00 / All) DirtMcGirt: we call a truce
(63:02 / All) lemonade: never have to turn off comp
(63:05 / All) Purechillz: i dont turn my comp off
(63:09 / All) DieFatty: me neither llo
(63:10 / All) BEAR_AND: what if your mom needs to check her email
(63:12 / All) DirtMcGirt: Cant play war 3 for a couple days bummer
(63:17 / All) DirtMcGirt: its cool i like this
(63:17 / All) DieFatty: ill stab her in the nose
(63:18 / All) lemonade: its my own comp
(63:18 / All) DirtMcGirt: its fun
(63:20 / All) lemonade: unlike you
(63:22 / All) lemonade: im not poor
(63:25 / All) Purechillz: unlike u children we have our own computers
(63:25 / All) DieFatty: if my mom checks her emails
(63:30 / All) DirtMcGirt: see this is the part where you insult us
(63:38 / All) DirtMcGirt: then you get in denial
(63:40 / All) BEAR_AND: what if your roommate turns off the cable modem
(63:45 / Allies) MercyfulFate: cut it dirt
(63:47 / All) lemonade: its my own modem
(63:49 / All) DieFatty: room mate?
(63:49 / All) lemonade: and router
(63:51 / All) DieFatty: i live alone
(63:52 / Allies) MercyfulFate: timg got it best :(
(63:56 / All) DieFatty: by choice
(64:06 / Allies) MercyfulFate: Hey
(64:09 / Allies) DirtMcGirt: i dont want them spying on us
(64:09 / Allies) MercyfulFate: Whyy
(64:14 / Allies) MercyfulFate: Ah
(64:19 / Allies) MercyfulFate: ask first
(64:27 / Allies) DirtMcGirt: ok
(64:31 / Allies) MercyfulFate: i've grown attached to these guys
(64:37 / Allies) DirtMcGirt: squawk
(64:58 / Allies) BEAR_AND: sleep fest
(64:59 / Allies) BEAR_AND: i love this
(65:00 / Allies) MercyfulFate: sleeeep
(65:06 / Allies) BEAR_AND: gree
(65:08 / All) BEAR_AND: green
(65:09 / All) DirtMcGirt: sleep for a thousand centuries
(65:15 / All) lemonade: yup
(65:16 / All) BEAR_AND: my warden is pretty tired too
(65:19 / All) BEAR_AND: can you help her out
(65:31 / Allies) BEAR_AND: hahaha mass wyverns
(65:36 / Allies) BEAR_AND: that will really help with towers
(65:38 / Allies) MercyfulFate: such a bad idea
(66:02 / All) BEAR_AND: greedisgood
(66:09 / Allies) DirtMcGirt: thanks for letting my stuff cooldown
(66:17 / All) DirtMcGirt: ty for letting me cooldown
(66:23 / Allies) BEAR_AND: don't use staff
(66:23 / All) DirtMcGirt: staff is down
(66:25 / All) lemonade: no prob
(66:25 / Allies) BEAR_AND: he'll cancel it
(66:29 / Allies) BEAR_AND: with sleep
(66:30 / Allies) DirtMcGirt: duh
(66:32 / Allies) DirtMcGirt: i windwalk
(66:33 / Allies) BEAR_AND: k
(66:34 / Allies) BEAR_AND: k
(66:42 / Allies) BEAR_AND: he's out of mana pots though
(66:46 / All) DirtMcGirt: do you know wesley snipes spent money'
(66:52 / All) DirtMcGirt: and now hes bankrupt
(66:57 / All) DieFatty: owned?
(67:01 / All) DirtMcGirt: he thought he was rich forever
(67:12 / All) DirtMcGirt: how does this apply to ou?
(67:38 / Allies) BEAR_AND: he's almost out of mana
(67:47 / All) DirtMcGirt: goodbye
(67:48 / Allies) BEAR_AND: not even close
(67:50 / All) BEAR_AND: not even close
(67:56 / All) DirtMcGirt: that was fun
(68:20 / All) DirtMcGirt: Own
(68:26 / Allies) BEAR_AND: tp probably
(68:42 / Allies) MercyfulFate: mirror image more
(68:48 / Allies) BEAR_AND: has none
(68:53 / Allies) DirtMcGirt: i dont get it
(68:55 / Allies) DirtMcGirt: till last levels
(68:57 / Allies) DirtMcGirt: its for newbs
(69:00 / Allies) MercyfulFate: i guess
(69:04 / Allies) MercyfulFate: dude
(69:14 / Allies) BEAR_AND: heal up man
(69:16 / Allies) DirtMcGirt: wut
(69:21 / Allies) BEAR_AND: you might as well
(69:25 / Allies) DirtMcGirt: ur killin ma buzz
(69:34 / Allies) BEAR_AND: do you drive dirt?
(69:36 / Allies) DirtMcGirt: welp
(69:37 / Allies) DirtMcGirt: yes
(69:38 / Allies) BEAR_AND: i bet you have road rage
(69:39 / Allies) DirtMcGirt: im coming
(69:41 / Allies) DirtMcGirt: ARHGHGHGH
(69:42 / All) DirtMcGirt: G
(69:45 / All) DirtMcGirt: G
(69:51 / All) DieFatty: k
(69:56 / Allies) BEAR_AND: ty
(69:57 / All) DieFatty: squeltched
(70:02 / All) BEAR_AND: squeltched
(70:08 / All) MercyfulFate: squelch's grape juice
(70:10 / All) DirtMcGirt: yellow if u r a faggot dont type anything
(70:12 / All) BEAR_AND: i have a t-shirt that says
(70:13 / All) DirtMcGirt: LOLOLOL
(70:17 / All) BEAR_AND: "ur squeltched"
(70:21 / All) DirtMcGirt: YELLOW IS GAY HAHAHAHA
(70:22 / All) MercyfulFate: omg no way
(70:25 / All) BEAR_AND: i wear it when i play warcraft
(70:26 / All) DirtMcGirt: fuckin pwnt
(70:35 / All) DirtMcGirt: guys did u hear me?
(70:38 / Allies) MercyfulFate: gonna borrow a hawk
(70:42 / All) DirtMcGirt: NOP CAUSE UR GAY
(70:44 / All) BEAR_AND: yeah it was pretty funny
(71:18 / Allies) BEAR_AND: guys can you take my stuff for a minute?
(71:21 / Allies) BEAR_AND: i have to pee
(71:23 / Allies) MercyfulFate: yeah
(71:25 / Allies) BEAR_AND: thx
(71:47 / Allies) DirtMcGirt: you should pwn these
(71:53 / Allies) DirtMcGirt: with shackles
(72:08 / All) DirtMcGirt: GJ
(72:18 / All) DirtMcGirt: LMAO
(72:24 / Allies) DirtMcGirt: haha
(72:25 / Allies) MercyfulFate: use hawks, dirt
(72:27 / Allies) MercyfulFate: er, crows
(72:32 / Allies) BEAR_AND: bacjk
(72:34 / Allies) BEAR_AND: got the crows
(72:35 / Allies) DirtMcGirt: oh shit
(72:36 / Allies) DirtMcGirt: haha
(72:38 / Allies) MercyfulFate: thanks
(72:45 / Allies) DirtMcGirt: shackle
(73:04 / Allies) BEAR_AND: lvl2 blink
(73:06 / Allies) BEAR_AND: only one more level
(73:08 / Allies) DirtMcGirt: elevator pls
(73:15 / Allies) DirtMcGirt: elevator i need a ride
(73:20 / All) DieFatty: yeah, they are definatly reported and banned
(73:22 / Allies) BEAR_AND: you got it
(73:27 / All) DirtMcGirt: definetlly
(73:29 / All) BEAR_AND: yeah definatly
(73:33 / All) BEAR_AND: definetley
(73:36 / All) DirtMcGirt: you guys know someone from blizz
(73:43 / All) BEAR_AND: my dad works at bliz
(73:53 / Allies) BEAR_AND: o damn
(74:19 / Allies) DirtMcGirt: shackle
(74:23 / Allies) DirtMcGirt: from far away
(74:27 / Allies) MercyfulFate: i'm ready
(74:29 / Allies) DirtMcGirt: nm
(74:31 / Allies) DirtMcGirt: hes gone
(74:36 / Allies) MercyfulFate: i got em
(74:58 / All) DirtMcGirt: goodbye for now
(75:08 / Allies) MercyfulFate: i'm only gonna shackle close to woers
(75:11 / Allies) MercyfulFate: towers, rather
(75:18 / Allies) MercyfulFate: least chance of losing them all
(75:38 / All) BEAR_AND: gg
(75:39 / Allies) MercyfulFate: booyah
(75:40 / All) DirtMcGirt: HAHA PWNED
(75:43 / All) DieFatty: : (
(75:44 / All) lemonade: lol
(75:48 / All) lemonade: i mean :(
(75:49 / All) DieFatty: lol, well thats gonna be funny
(76:08 / Allies) MercyfulFate: i hope they suicide their air
(76:15 / Allies) MercyfulFate: no tower game is complete without a mass enemy suicide
(76:29 / Allies) MercyfulFate: all gold gone essentially?
(76:35 / All) DieFatty: hes on phone with me
(76:43 / All) BEAR_AND: are you internet clan mates
(76:45 / All) MercyfulFate: phone sex
(76:50 / Allies) MercyfulFate: knew it
(76:51 / All) BEAR_AND: is it long-distance?
(76:54 / All) DirtMcGirt: who ur bf?
(76:56 / All) DirtMcGirt: LMAO
(77:17 / All) BEAR_AND: shit dont let your hero die again
(77:20 / All) BEAR_AND: damn it dirt
(77:23 / All) BEAR_AND: towers
(77:29 / Allies) MercyfulFate: alltalk
(77:34 / Allies) BEAR_AND: i know
(77:37 / Allies) BEAR_AND: he let a mirror die
(77:37 / Allies) DirtMcGirt: hes jokin duh
(77:38 / Allies) MercyfulFate: wasn't sure
(77:40 / Allies) DirtMcGirt: i let an image die
(77:48 / Allies) MercyfulFate: YOURE JOKIN DUH
(77:55 / Allies) BEAR_AND: bad news
(78:08 / Allies) MercyfulFate: sleepfest
(78:08 / Allies) BEAR_AND: lol
(78:10 / Allies) BEAR_AND: this is the end
(78:12 / All) DirtMcGirt: FUCK
(78:13 / All) DirtMcGirt: I LOSE
(78:13 / Allies) MercyfulFate: or that
(78:16 / All) lemonade: DEAD
(78:16 / All) DieFatty: owned
(78:17 / Allies) BEAR_AND: good night sweet prince
(78:18 / All) DieFatty: fucking pwned
(78:21 / All) DieFatty: fags
(78:23 / All) DirtMcGirt: GG
(78:28 / All) DirtMcGirt: i have no more gold
(78:29 / All) DirtMcGirt: you win
(78:33 / All) BEAR_AND: gg
(78:33 / Allies) MercyfulFate: you know, you could just stop bladestorming too large of mass
(78:40 / Allies) DirtMcGirt: im bored though
(78:46 / Allies) MercyfulFate: fair enough
(78:57 / Allies) BEAR_AND: sometimes when i'm bored i fight cops
(78:59 / Allies) MercyfulFate: i love my towers
(79:00 / Allies) BEAR_AND: i am just like
(79:01 / Allies) BEAR_AND: yo
(79:03 / Allies) BEAR_AND: fuck you officer
(79:45 / Allies) MercyfulFate: level up
(80:16 / All) DirtMcGirt: hmm
(80:29 / All) DirtMcGirt: mercy
(80:31 / Allies) MercyfulFate: oh bs
(80:33 / Allies) DirtMcGirt: shackle next time
(80:41 / Allies) MercyfulFate: i knoww
(80:47 / Allies) DirtMcGirt: tisk tisk
(80:52 / Allies) DirtMcGirt: i swear to god bear
(80:58 / Allies) DirtMcGirt: mercy is the laziest player
(81:00 / Allies) DirtMcGirt: ever
(81:04 / Allies) DirtMcGirt: thats why he makes towers
(81:05 / Allies) MercyfulFate: i'm high
(81:07 / Allies) MercyfulFate: you know how it is
(81:08 / Allies) DirtMcGirt: so he can jerk off
(81:13 / Allies) DirtMcGirt: whils playing
(81:17 / Allies) DirtMcGirt: im just kiddin
(81:23 / Allies) DirtMcGirt: thats hwat i do
(81:35 / Allies) BEAR_AND: i'm getting off right now
(81:43 / Allies) DirtMcGirt: what
(81:52 / Allies) DirtMcGirt: dont leave
(81:53 / Allies) BEAR_AND: alsa iron cell
(81:55 / Allies) BEAR_AND: i must have you
(81:56 / Allies) MercyfulFate: wanna see if i can flame strike them
(81:58 / Allies) BEAR_AND: by getting off
(81:59 / Allies) MercyfulFate: from up here
(81:59 / Allies) BEAR_AND: i mean
(82:03 / Allies) DirtMcGirt: oh
(82:05 / Allies) BEAR_AND: getting off ;-)
(82:05 / Allies) DirtMcGirt: try
(82:13 / Allies) DirtMcGirt: no you cant
(82:26 / Allies) DirtMcGirt: elecator pls
(82:28 / Allies) MercyfulFate: max range
(82:34 / Allies) MercyfulFate: BUT THEY SEE IT
(82:47 / Allies) DirtMcGirt: dHAWKS
(82:53 / Allies) DirtMcGirt: shackle that nigga son
(82:54 / Allies) MercyfulFate: it's not that big a deal
(82:59 / Allies) MercyfulFate: i don't wanna lose any
(83:03 / Allies) DirtMcGirt: you wont
(83:29 / Allies) BEAR_AND: i like the little dots that stay spinning on the ground after a tp
(83:34 / Allies) MercyfulFate: same
(83:48 / Allies) BEAR_AND: hm if you queue it properly your dhawks could shackle all of those wyvs
(83:50 / Allies) BEAR_AND: at once
(83:54 / All) DirtMcGirt: FUCK
(83:55 / All) lemonade: LOL
(83:55 / All) DirtMcGirt: I LOSE
(83:56 / All) DirtMcGirt: AGAIN
(83:57 / Allies) BEAR_AND: lol
(84:03 / Allies) DirtMcGirt: ok
(84:06 / Allies) DirtMcGirt: enough of that
(84:07 / Allies) MercyfulFate: how queue
(84:14 / Allies) MercyfulFate: don't you just slam the shackle hotkey?
(84:19 / Allies) MercyfulFate: on each individual unit?
(84:20 / Allies) BEAR_AND: yeah i mean if you didn't miss any
(84:27 / Allies) MercyfulFate: i'm pretty good with that
(84:33 / Allies) BEAR_AND: i don't know if it's worth it
(84:37 / Allies) BEAR_AND: i would prob. get l3 blink
(85:16 / Allies) MercyfulFate: dirt's spent nearly 900 gold reviving his hero
(85:49 / Allies) MercyfulFate: i wonder what the hell they're doing
(86:10 / Allies) MercyfulFate: because i have some spped
(86:12 / Allies) MercyfulFate: speed
(86:28 / Allies) MercyfulFate: so i can stay up all night
(86:35 / Allies) MercyfulFate: and slaughter them when they're afk
(86:36 / Allies) BEAR_AND: i woke up at 6pm
(86:43 / Allies) MercyfulFate: heh
(86:44 / Allies) BEAR_AND: exam week 8)
(87:45 / Allies) BEAR_AND: what da heck
(87:53 / Allies) MercyfulFate: dunno
(88:03 / Allies) MercyfulFate: lol
(88:24 / Allies) BEAR_AND: come here hawks
(88:58 / All) DirtMcGirt: u can almost hit us
(89:00 / All) DirtMcGirt: elevator pls
(89:10 / Allies) MercyfulFate: stop that
(89:49 / Allies) DirtMcGirt: ty
(90:04 / Allies) MercyfulFate: lol
(90:06 / Allies) MercyfulFate: no acos on the mine
(90:29 / All) BEAR_AND: trying to wear down the mountain???
(90:44 / Allies) BEAR_AND: does AMS = no shackle?
(90:55 / Allies) DirtMcGirt: no
(91:11 / Allies) BEAR_AND: mercy i'm hotkeying one of your dhawks so i can shackle
(91:17 / Allies) MercyfulFate: Fair enough
(91:24 / Allies) MercyfulFate: i can do it too though
(91:31 / Allies) BEAR_AND: if you don't though, i will
(91:38 / Allies) MercyfulFate: fine
(91:54 / Allies) BEAR_AND: they probably have shades everywhere
(91:58 / Allies) BEAR_AND: how do we get truesight
(92:11 / Allies) MercyfulFate: isn't there an item at the shop?
(92:14 / Allies) BEAR_AND: well, dust
(92:34 / Allies) MercyfulFate: lol
(92:35 / Allies) DirtMcGirt: lol
(92:36 / Allies) BEAR_AND: haha it's hitting
(92:50 / Allies) BEAR_AND: let's let that tower die
(92:58 / All) DirtMcGirt: congrats you can sort of hit it
(93:00 / Allies) MercyfulFate: not if i can fs him
(93:53 / Allies) MercyfulFate: no
(93:56 / Allies) MercyfulFate: fuck no
(94:02 / Allies) DirtMcGirt: wat
(94:06 / Allies) MercyfulFate: i lagged
(94:14 / Allies) BEAR_AND: i didn't see it
(94:37 / Allies) MercyfulFate: no fs
(94:38 / Allies) MercyfulFate: dammit
(94:52 / All) BEAR_AND: hey
(94:57 / All) DieFatty: ?
(95:00 / All) BEAR_AND: get a frost wyrm to pick up the meat wagon
(95:03 / All) BEAR_AND: and you're in business
(95:07 / All) lemonade: lol?
(95:25 / All) DirtMcGirt: how do you think we got up here?
(95:34 / Allies) DirtMcGirt: we used wyverns to carry us
(95:34 / All) DieFatty: k, well, im going to sleep now
(95:36 / All) BEAR_AND: chims can carry shit
(95:37 / All) DieFatty: cya guys
(95:41 / All) MercyfulFate: bye
(95:44 / All) DirtMcGirt: bYE
(96:22 / Allies) MercyfulFate: prevents shackle damage
(96:26 / Allies) MercyfulFate: ams does
(96:52 / Allies) BEAR_AND: invisible frog
(97:11 / Allies) BEAR_AND: nice
(97:19 / Allies) DirtMcGirt: bring a dott here plsease
(97:27 / Allies) BEAR_AND: to the top?
(97:30 / Allies) BEAR_AND: or bottom
(97:33 / Allies) DirtMcGirt: top
(97:33 / Allies) MercyfulFate: top
(97:36 / Allies) DirtMcGirt: so i cna creep it
(97:53 / Allies) MercyfulFate: this tower has lost a total of 22 hitpoints
(97:58 / Allies) MercyfulFate: they may get it eventually
(98:15 / Allies) DirtMcGirt: almost cooled down
(98:17 / Allies) BEAR_AND: purechillz is up here
(98:18 / Allies) BEAR_AND: lol
(98:19 / Allies) BEAR_AND: what the fuck
(98:44 / All) DieFatty: gg netstat
(98:53 / All) DieFatty: i got your city location
(98:59 / All) DirtMcGirt: are you gonna find me?
(99:03 / All) DirtMcGirt: and kill me?
(99:07 / All) MercyfulFate: i got your's
(99:08 / All) DirtMcGirt: where do i live
(99:08 / All) BEAR_AND: but when you play a ladder game, you don't connect directly to anyone
(99:17 / All) DieFatty: i agree
(99:20 / All) BEAR_AND: so you have blizzard's useast city location?
(99:26 / All) DirtMcGirt: fuck
(99:27 / All) MercyfulFate: fuxxxx
(99:32 / All) DirtMcGirt: they got the headquarters
(99:32 / All) DieFatty: i dont use legal netstat
(99:35 / All) DieFatty: rofl
(99:36 / All) DirtMcGirt: oh lol
(99:38 / All) BEAR_AND: hahahaha are you kidding me
(99:42 / All) DieFatty: lol
(99:44 / All) DirtMcGirt: he uses the warez one
(99:47 / All) MercyfulFate: you will be reported
(99:48 / All) DieFatty: not exactly
(99:52 / All) DirtMcGirt: this replay is being reported
(99:55 / All) BEAR_AND: so
(99:56 / All) MercyfulFate: what's my ip
(99:56 / All) BEAR_AND: you use
(100:00 / All) BEAR_AND: "illegal netstat"?
(100:01 / All) DirtMcGirt: where do i live?
(100:05 / All) DieFatty: not what its called
(100:09 / Allies) DirtMcGirt: and what are you gonna do?
(100:11 / All) DirtMcGirt: a
(100:11 / All) BEAR_AND: right up there with winnuke95 i'm sure
(100:13 / All) MercyfulFate: what's it called
(100:21 / All) DirtMcGirt: ask him what hes gonna do the fag squelched me
(100:27 / All) BEAR_AND: i bet you got it from kazaa
(100:29 / All) MercyfulFate: what are you gonna do
(100:31 / All) MercyfulFate: i'm scared
(100:33 / All) BEAR_AND: right
(100:35 / All) DirtMcGirt: also ask him where i live
(100:40 / Allies) DirtMcGirt: abington pa
(100:40 / All) DieFatty: yeah
(100:41 / All) BEAR_AND: yo do you want my address
(100:44 / All) MercyfulFate: where does dirt live?
(100:47 / All) DieFatty: i did
(100:49 / All) DieFatty: you caught me
(100:50 / All) BEAR_AND: you can come visit
(100:57 / All) MercyfulFate: use your netstat
(100:58 / All) DieFatty: phone number
(100:59 / All) DirtMcGirt: we can have a lan party rofl
(101:00 / All) MercyfulFate: where's dirt live
(101:04 / All) BEAR_AND: you want my phone #?
(101:08 / All) DieFatty: yeah
(101:12 / All) MercyfulFate: (262)358-0237
(101:13 / All) BEAR_AND: one sec, turning cellphone on
(101:16 / All) MercyfulFate: anytime
(101:22 / Allies) BEAR_AND: alt-tab to open recording software
(101:23 / Allies) BEAR_AND: brb
(101:25 / Allies) BEAR_AND: control my hawks
(101:29 / Allies) MercyfulFate: crows
(101:47 / All) DieFatty: gimme your cell phone
(101:53 / All) MercyfulFate: already did
(102:06 / Allies) MercyfulFate: i think he squelched me too
(102:18 / All) BEAR_AND: yo
(102:20 / All) DieFatty: ?
(102:22 / All) BEAR_AND: 647-869-9830
(102:23 / All) DieFatty: number
(102:40 / All) DieFatty: country number?
(102:46 / Allies) BEAR_AND: +1 i guess? canada
(102:49 / All) BEAR_AND: +1 i guess
(102:53 / All) DieFatty: alright
(102:59 / All) DieFatty: canadian or american?
(103:07 / Allies) BEAR_AND: one sec my roommate is outside my door
(103:09 / Allies) DirtMcGirt: oh god
(103:09 / All) MercyfulFate: none of your damn business
(103:14 / All) BEAR_AND: one sec my roommate's outside my door
(103:19 / All) DirtMcGirt: are you actually gonna call?
(103:20 / All) DirtMcGirt: cool
(103:21 / All) BEAR_AND: i don't want him to hear me talking about warcraft
(103:26 / All) BEAR_AND: can you wait a minute?
(103:30 / All) DieFatty: i guess
(103:33 / All) BEAR_AND: ok go
(103:33 / All) DieFatty: im not the 1 calling though
(103:34 / All) DieFatty: but
(103:40 / All) DirtMcGirt: whose calling?
(103:42 / All) DirtMcGirt: your mom?
(103:49 / All) MercyfulFate: blizz
(103:50 / All) DirtMcGirt: MY SON WANTS TO PLAY THIS GAME
(103:55 / All) BEAR_AND: tell her to stop
(103:59 / All) BEAR_AND: i have shit to do
(104:20 / All) BEAR_AND: btw if it's an overseas call
(104:23 / All) BEAR_AND: I'm not answering
(104:25 / Allies) DirtMcGirt: tell him to unseuelch me so i can give him my number
(104:27 / All) DieFatty: it isnt
(104:31 / All) BEAR_AND: it's north america?
(104:33 / All) DieFatty: as long as your american
(104:37 / All) DieFatty: yeah
(104:38 / All) BEAR_AND: all right
(104:40 / All) DieFatty: NA
(104:43 / All) BEAR_AND: so go ahead and call
(104:49 / All) DieFatty: text comin
(104:53 / All) DirtMcGirt: wow pussy
(104:54 / All) MercyfulFate: i thought you used your netstat
(104:57 / All) DirtMcGirt: Text message?
(105:00 / All) BEAR_AND: text? weak
(105:04 / All) BEAR_AND: call me
(105:04 / All) DieFatty: first text
(105:07 / All) DieFatty: to see if real
(105:10 / All) BEAR_AND: ok
(105:10 / All) DirtMcGirt: tell him he has a gay voice
(105:17 / All) BEAR_AND: lol
(105:18 / All) DirtMcGirt: WHY DO U SQUELCH ME
(105:26 / Allies) BEAR_AND: if he fucking calls me because of a highperch
(105:33 / Allies) BEAR_AND: damn
(105:34 / Allies) DirtMcGirt: comedy gold
(105:50 / Allies) BEAR_AND: ideas for conversation
(105:57 / Allies) BEAR_AND: "you fuckin yelow n00b
(106:03 / Allies) BEAR_AND: stop massing frosts"
(106:09 / All) BEAR_AND: got it
(106:13 / All) BEAR_AND: "Dude, lets end this game plz"
(106:20 / All) DieFatty: Purechillz is calling
(106:27 / All) DieFatty: if you can reply reply
(106:31 / Allies) BEAR_AND: alt tab
(106:53 / Allies) MercyfulFate: booyah
(107:55 / All) BEAR_AND: hey i haven't gotten a phone call
(108:07 / All) MercyfulFate: what's green up to
(108:20 / All) DieFatty: hes masturbating presently i assume
(108:36 / Allies) DirtMcGirt: tell him to unsqulech me so i can apologize
(108:38 / Allies) DirtMcGirt: or something
(108:40 / Allies) BEAR_AND: haha he's from montreal
(108:46 / Allies) BEAR_AND: so i don't even have to pay international phone
(108:47 / Allies) DirtMcGirt: is he talkign to you
(108:52 / Allies) BEAR_AND: no
(108:57 / Allies) BEAR_AND: just from the text msg number
(109:00 / Allies) DirtMcGirt: oh
(109:11 / Allies) MercyfulFate: montreal rules
(109:22 / All) BEAR_AND: did you vote bloc
(109:26 / All) DieFatty: LOL
(109:28 / All) DieFatty: no
(109:33 / All) DieFatty: did you?
(109:36 / All) BEAR_AND: yes
(109:39 / All) BEAR_AND: of course i did
(109:40 / Allies) MercyfulFate: nice
(109:51 / All) DieFatty: you voted bloc
(109:51 / Allies) MercyfulFate: he supports tower improvement revenues
(109:57 / All) DieFatty: are you for real?
(110:04 / All) MercyfulFate: you're gay
(110:06 / Allies) BEAR_AND: bloc = a canadian party that wants quebec to secede from canada
(110:06 / All) MercyfulFate: that's for real
(110:14 / Allies) BEAR_AND: kind of a joke
(110:18 / Allies) BEAR_AND: i did not actually vote bloc
(110:28 / Allies) MercyfulFate: i want to annex canada
(110:32 / Allies) MercyfulFate: er, wisconsin to
(110:44 / Allies) MercyfulFate: and secede from America
(111:06 / All) DieFatty: GHOSTS!
(111:18 / Allies) MercyfulFate: dragonhawks are one ugly animal
(111:50 / All) DieFatty: well, no 1 is gonna win this btw
(111:57 / Allies) MercyfulFate: kill it
(112:09 / Allies) BEAR_AND: call
(112:24 / Allies) BEAR_AND: nm
(112:26 / Allies) BEAR_AND: text message
(112:32 / Allies) DirtMcGirt: he didnt call
(112:36 / Allies) DirtMcGirt: hahah
(112:37 / All) BEAR_AND: hey i hope you have unlimited texts
(112:40 / Allies) DirtMcGirt: he didnt get you
(112:49 / All) DieFatty: we are rich, dont worry
(112:50 / Allies) MercyfulFate: that sucked
(112:50 / All) BEAR_AND: otherwise this game has cost you like 20 cents so far
(113:00 / Allies) DirtMcGirt: tell him to unsquelch me
(113:05 / Allies) BEAR_AND: he sent me "What a time waste"
(113:06 / Allies) MercyfulFate: yeah bear
(113:12 / All) DieFatty: curt
(113:15 / All) DieFatty: do whatever you want
(113:17 / All) DieFatty: im going to bed
(113:21 / All) DirtMcGirt: hey
(113:23 / Allies) BEAR_AND: ps his phone # is 514-294-4221
(113:24 / All) DirtMcGirt: type this in all chat
(113:27 / All) DirtMcGirt: so we get fooled
(113:32 / Allies) MercyfulFate: i'm usa
(113:35 / Allies) DirtMcGirt: same
(114:00 / Allies) BEAR_AND: don't those dragonhawks and crows ever get tired
(114:08 / Allies) MercyfulFate: never
(114:30 / All) BEAR_AND: man your friend still hasn't called
(114:35 / All) BEAR_AND: i'm expecting him
(114:39 / All) DieFatty: im calling tomorrow
(114:45 / All) BEAR_AND: ok
(114:55 / Allies) DirtMcGirt: can i get a tp down
(115:35 / Allies) BEAR_AND: tell me if you need $$$ for dust
(116:16 / All) BEAR_AND: curt
(116:20 / All) BEAR_AND: how's it going
(116:33 / All) DirtMcGirt: curt i just want you to know
(116:36 / All) DirtMcGirt: this isnt person
(116:41 / All) DirtMcGirt: personal
(116:41 / All) lemonade: ??
(116:49 / All) MercyfulFate: we just like to party
(116:49 / All) lemonade: who are u talking to?
(116:55 / All) DirtMcGirt: im talking to curt
(117:02 / All) lemonade: alright..
(117:03 / All) DieFatty: curt, dont go to school tomorrow
(117:04 / All) lemonade: talk away
(117:08 / All) DirtMcGirt: LOL
(117:12 / All) DirtMcGirt: curt cut class
(117:13 / All) BEAR_AND: lol
(117:30 / All) DieFatty: then go back on wc3 when you get back
(117:36 / All) DieFatty: stay up all night
(117:36 / All) DirtMcGirt: FUCK
(117:40 / Allies) BEAR_AND: hahahaha
(117:41 / Allies) DirtMcGirt: its an image lol
(117:44 / Allies) BEAR_AND: wasted an info
(117:48 / All) DirtMcGirt: DAMN U GOT ME
(117:52 / Allies) MercyfulFate: i don't even care if we win
(117:53 / All) BEAR_AND: stop fucking dying
(118:22 / All) BEAR_AND: next time don't revive at the goddamn tavern
(118:24 / All) BEAR_AND: it costs too much
(118:25 / Allies) DirtMcGirt: they are gonna let me kill hthis halll too
(119:33 / Allies) MercyfulFate: the sky is mine
(119:49 / Allies) BEAR_AND: kill some shades
(120:14 / Allies) DirtMcGirt: im gonna kill halls first
(120:17 / Allies) MercyfulFate: may i borrow?
(120:23 / Allies) BEAR_AND: don't get anyone killed, sure
(120:32 / Allies) MercyfulFate: maybe i better not then
(120:33 / Allies) MercyfulFate: i lag too bad
(120:38 / Allies) MercyfulFate: blueflagon bad
(120:42 / Allies) BEAR_AND: what are you trying to do? i can
(120:50 / Allies) MercyfulFate: faerie fire some units down there
(120:56 / Allies) DirtMcGirt: not worth it
(121:00 / Allies) DirtMcGirt: you would have to revert
(121:01 / Allies) MercyfulFate: just bored
(121:03 / Allies) DirtMcGirt: to dott form
(121:59 / Allies) DirtMcGirt: they are gathering
(122:01 / Allies) DirtMcGirt: up there
(122:06 / Allies) MercyfulFate: prob
(122:12 / Allies) DirtMcGirt: no i mean
(122:13 / Allies) BEAR_AND: what the hell are they going to do though
(122:16 / Allies) DirtMcGirt: they are bringing heroes there
(122:21 / Allies) MercyfulFate: suicide
(122:26 / Allies) BEAR_AND: with the heroes??
(122:33 / Allies) MercyfulFate: who knows
(122:41 / Allies) BEAR_AND: well healing i guess
(122:43 / Allies) MercyfulFate: wish i had gotten magic towers
(122:52 / Allies) MercyfulFate: reveal would be nice
(123:10 / Allies) BEAR_AND: ur dead
(123:19 / Allies) DirtMcGirt: gay
(123:21 / All) DieFatty: wooo>
(123:28 / All) MercyfulFate: go to sleep, liar
(123:32 / All) DirtMcGirt: seriously
(123:37 / All) BEAR_AND: curt
(123:38 / All) DirtMcGirt: K CURT IM GOING TO BED
(123:39 / All) DirtMcGirt: U KNOW
(123:40 / All) BEAR_AND: don't go to school tomorrow
(123:41 / All) DirtMcGirt: WHERE I SLEEP
(123:44 / All) DirtMcGirt: SO I WONT BE AWAKE
(123:45 / All) DieFatty: he actually isnt
(123:46 / All) DieFatty: lol
(123:53 / All) DirtMcGirt: curt dont go to school so you can poopsock
(124:02 / All) BEAR_AND: your team needs this win
(124:09 / All) DieFatty: shit yeah we do
(124:12 / All) DieFatty: we are 7 and 0
(124:13 / Allies) DirtMcGirt: they also wasted a tp
(124:21 / Allies) MercyfulFate: alt tab
(124:23 / Allies) DirtMcGirt: to kill my bm
(124:29 / Allies) BEAR_AND: lol
(124:51 / Allies) MercyfulFate: any lag?
(124:54 / Allies) BEAR_AND: 2 seconds
(124:58 / Allies) MercyfulFate: ok
(125:02 / Allies) MercyfulFate: i hate it
(125:36 / Allies) BEAR_AND: the map design team honestly must have a good sense of humor
(125:37 / Allies) BEAR_AND: uh oh
(125:43 / Allies) BEAR_AND: damn
(126:13 / Allies) BEAR_AND: whoa
(126:16 / Allies) BEAR_AND: they got up a level
(127:21 / Allies) DirtMcGirt: i am afk too
(127:26 / Allies) DirtMcGirt: for a bi
(127:29 / Allies) DirtMcGirt: bit
(127:31 / Allies) BEAR_AND: ok
(130:56 / Allies) DirtMcGirt: let me down pls
(131:03 / Allies) BEAR_AND: mercy says in whisper they lost 12k gold to upkeep
(131:05 / Allies) DirtMcGirt: im gonna pick of bases
(131:07 / Allies) DirtMcGirt: haha
(131:08 / Allies) DirtMcGirt: nice
(131:26 / Allies) DirtMcGirt: o staff isnt cooldowned
(131:33 / Allies) BEAR_AND: i got you unstuck from those towers
(131:34 / Allies) DirtMcGirt: almost
(131:45 / Allies) BEAR_AND: get some dust
(132:35 / Allies) BEAR_AND: oh you probably missed it
(132:38 / Allies) BEAR_AND: they got an infernal up
(132:51 / Allies) BEAR_AND: but it was like
(132:54 / Allies) BEAR_AND: there
(133:00 / Allies) DirtMcGirt: lmao
(133:04 / Allies) BEAR_AND: hahaha
(133:35 / Allies) BEAR_AND: i got a new txt
(133:38 / Allies) BEAR_AND: "lol at u guys"
(133:54 / Allies) BEAR_AND: responding with
(134:09 / Allies) DirtMcGirt: haha
(134:12 / All) BEAR_AND: "WHO IS THIS??? PLEASE RESPOND OR STOP SENDING ME INSTANT TEXT MAIL"
(134:21 / Allies) BEAR_AND: damn
(134:22 / Allies) BEAR_AND: all talk
(134:23 / Allies) BEAR_AND: lol
(134:25 / Allies) DirtMcGirt: haha
(134:52 / All) DieFatty: hes not in game anymore
(134:56 / All) DieFatty: i dont know what hes doing
(135:10 / All) BEAR_AND: curt
(135:13 / All) BEAR_AND: what are you doing
(135:14 / Allies) BEAR_AND: run
(135:27 / Allies) BEAR_AND: tp prob
(135:54 / Allies) BEAR_AND: nice
(136:00 / All) DirtMcGirt: you guys are too good
(136:56 / Allies) BEAR_AND: one more shade and you're level 9
(137:55 / Allies) BEAR_AND: if heroes could mine gold
(137:59 / Allies) BEAR_AND: we would mine it with tp staffs
(138:01 / Allies) BEAR_AND: very slowly
(138:32 / Allies) DirtMcGirt: haha
(138:55 / Allies) BEAR_AND: need a lift?
(140:18 / Allies) DirtMcGirt: elevator pls
(141:41 / Allies) BEAR_AND: go
(141:49 / Allies) DirtMcGirt: fuck
(141:50 / Allies) DirtMcGirt: lag
(141:50 / Allies) BEAR_AND: wth
(141:57 / Allies) DirtMcGirt: i got shadow hunter
(142:01 / Allies) BEAR_AND: yeah
(142:06 / Allies) DirtMcGirt: gold pls a lil
(142:15 / Allies) DirtMcGirt: need a little more tt
(142:20 / Allies) DirtMcGirt: but it was worth it
(142:26 / Allies) BEAR_AND: don't do it again :(
(142:30 / Allies) BEAR_AND: next time kill shade first
(142:33 / Allies) DirtMcGirt: ok
(142:54 / Allies) DirtMcGirt: mercy has a lot of gold
(143:00 / Allies) BEAR_AND: yeah a good amoun
(143:01 / Allies) DirtMcGirt: how can we get a peasant down
(143:01 / Allies) BEAR_AND: t
(143:05 / Allies) BEAR_AND: we can't :(
(143:33 / Allies) DirtMcGirt: i think yellow is afk
(143:38 / Allies) DirtMcGirt: green isnt
(143:40 / All) DirtMcGirt: CURT
(143:43 / Allies) BEAR_AND: lol
(143:49 / All) DieFatty: aware you are
(144:01 / All) DirtMcGirt: tell him hes wasting his time hes gonna lose
(144:04 / Allies) BEAR_AND: next time don't unpause
(144:09 / Allies) BEAR_AND: so he thinks we're afk
(144:22 / Allies) DirtMcGirt: ok
(145:02 / Allies) BEAR_AND: alt tab
(145:19 / Allies) BEAR_AND: back
(146:58 / Allies) BEAR_AND: ok
(146:59 / Allies) BEAR_AND: dirt
(147:04 / Allies) DirtMcGirt: yes
(147:06 / Allies) BEAR_AND: mercy just watched the whole replay
(147:11 / Allies) BEAR_AND: they have 350 gold
(147:14 / Allies) BEAR_AND: in total
(147:17 / Allies) DirtMcGirt: haha
(147:18 / Allies) DirtMcGirt: nice
(147:21 / Allies) BEAR_AND: unless they mined that one mine more
(147:26 / Allies) DirtMcGirt: i need to carefully kill shit
(147:27 / All) BEAR_AND: are you fiscally aware?
(147:36 / All) BEAR_AND: are you responsible when it comes to spending?
(147:39 / Allies) DirtMcGirt: yea
(147:44 / All) DieFatty: lol
(147:47 / All) BEAR_AND: i don't think you are.
(147:50 / All) DieFatty: i is.
(147:53 / Allies) DirtMcGirt: wait
(147:56 / Allies) DirtMcGirt: ask him how much he has
(147:58 / Allies) DirtMcGirt: see how he lies
(148:00 / All) BEAR_AND: so
(148:04 / All) BEAR_AND: how much gold do you have?
(148:10 / All) lemonade: plenty
(148:14 / All) DirtMcGirt: how much
(148:15 / All) BEAR_AND: like how much?
(148:23 / All) DieFatty: ive got 3k
(148:25 / All) BEAR_AND: 1000?
(148:26 / Allies) DirtMcGirt: haha
(148:26 / All) BEAR_AND: ooh
(148:27 / All) DieFatty: hes got 1k
(148:28 / All) DirtMcGirt: damn
(148:33 / All) BEAR_AND: wow
(148:36 / All) BEAR_AND: actually
(148:37 / All) DieFatty: well, 923
(148:39 / All) BEAR_AND: i've been doing the math
(148:40 / All) DirtMcGirt: so you revived you shadow hunter no doubt
(148:50 / All) BEAR_AND: with all those frost wyrms
(148:55 / All) BEAR_AND: i added up everything you built
(148:57 / All) BEAR_AND: and probably upkeep
(149:00 / All) BEAR_AND: and what you've mined
(149:05 / All) BEAR_AND: you have about 350 gold in total
(149:06 / All) DieFatty: are you serious.
(149:08 / All) BEAR_AND: :)
(149:09 / All) DieFatty: dude.
(149:12 / All) DieFatty: get a life.
(149:19 / All) DieFatty: and your wrong
(149:19 / Allies) DirtMcGirt: hahahahahahaha
(149:27 / All) DieFatty: didnt count unsummoned buildings
(149:36 / All) BEAR_AND: oh i guess you're right
(149:40 / All) DieFatty: or money i lent him
(149:44 / All) BEAR_AND: that means 1000 in total at the max!
(149:53 / All) BEAR_AND: lent money doesn't increase the total
(149:57 / Allies) DirtMcGirt: checkin this out
(150:02 / Allies) BEAR_AND: careful dear friend
(150:07 / Allies) DirtMcGirt: eah
(150:15 / Allies) BEAR_AND: kill those fuckin ghosts
(150:40 / Allies) BEAR_AND: hahaha
(150:43 / Allies) BEAR_AND: they unsummoned so much
(150:48 / Allies) BEAR_AND: they're probably camping in a base
(152:19 / Allies) BEAR_AND: mercy says the team is actually 5-0
(152:30 / Allies) BEAR_AND: out
(152:33 / Allies) BEAR_AND: damn it
(152:35 / Allies) DirtMcGirt: one more
(152:36 / Allies) DirtMcGirt: i cant
(152:38 / Allies) DirtMcGirt: once im in
(152:42 / Allies) DirtMcGirt: im in till i get all shades
(152:50 / Allies) DirtMcGirt: theres no way im getting away
(152:57 / Allies) BEAR_AND: is there any way to use mercy's money to revive your hero
(152:57 / Allies) DirtMcGirt: only one left
(153:01 / Allies) BEAR_AND: like send his hero to tavern??
(153:03 / All) DieFatty: how much is that gonna cost you?
(153:14 / All) DirtMcGirt: i cant res now ;_;
(154:37 / Allies) DirtMcGirt: bear and last time i ask you for gold promise
(154:53 / Allies) DirtMcGirt: nee 61 more
(155:22 / All) DirtMcGirt: how much is that gonna cost you
(156:23 / Allies) DirtMcGirt: well i cna kill that lst wisp now
(156:25 / Allies) DirtMcGirt: last
(156:26 / Allies) DirtMcGirt: shade
(156:35 / Allies) DirtMcGirt: because they are all atthe side
(156:36 / Allies) DirtMcGirt: careful
(156:46 / Allies) BEAR_AND: oops
(156:50 / Allies) DirtMcGirt: wow
(156:53 / Allies) DirtMcGirt: that could have been bad
(156:58 / Allies) BEAR_AND: :S
(157:17 / Allies) BEAR_AND: pretty sure green has no buildings now
(157:19 / Allies) BEAR_AND: no way to make more shades
(157:24 / Allies) DirtMcGirt: yeah
(159:10 / Allies) BEAR_AND: you going to want to drop on the west of the base?
(160:33 / All) DieFatty: guys?
(161:29 / Allies) BEAR_AND: where the hell is the undead army
(161:37 / Allies) DirtMcGirt: probably camping
(161:45 / Allies) DirtMcGirt: let me down
(161:48 / Allies) DirtMcGirt: ill scout with images
(162:43 / Allies) BEAR_AND: i see
(162:51 / Allies) BEAR_AND: yeah just don't go in there
(162:56 / Allies) DirtMcGirt: yeah
(163:05 / Allies) BEAR_AND: i'll bring a hawk for cloud
(163:10 / Allies) DirtMcGirt: nah
(164:08 / Allies) BEAR_AND: go
(164:09 / Allies) BEAR_AND: out
(164:12 / Allies) BEAR_AND: gogogogo
(164:19 / Allies) DirtMcGirt: wtf
(164:22 / Allies) BEAR_AND: he sent me another text saying "Look outside"
(165:29 / Allies) BEAR_AND: lol
(165:43 / Allies) BEAR_AND: nice escape
(165:46 / Allies) BEAR_AND: come heal
(166:23 / Allies) BEAR_AND: wait a minute, i have to pee again
(166:29 / Allies) DirtMcGirt: ok
(167:35 / Allies) BEAR_AND: k
(167:58 / Allies) BEAR_AND: i think there's a far seer that needs killing
(168:01 / Allies) BEAR_AND: at some point
(168:29 / Allies) DirtMcGirt: ok going down
(168:33 / All) DieFatty: do you have msn?
(168:36 / All) BEAR_AND: yes
(168:36 / All) DieFatty: em esss en?
(168:41 / All) DieFatty: whats your email?
(168:46 / All) BEAR_AND: kerr.tyler@gmail.com
(170:01 / Allies) BEAR_AND: i'm going to watch that army
(170:02 / Allies) BEAR_AND: from now on
(170:30 / Allies) BEAR_AND: probaly tp
(170:30 / Allies) BEAR_AND: ok
(171:24 / Allies) BEAR_AND: lol oops
(172:42 / Allies) DirtMcGirt: can you let me down
(174:03 / Allies) BEAR_AND: you will die
(174:20 / Allies) BEAR_AND: hahaha nice
(174:30 / Allies) DirtMcGirt: i bet they have one last shade
(174:33 / Allies) BEAR_AND: they probably have one last shade with their army
(174:34 / Allies) BEAR_AND: yeah
(174:38 / Allies) DirtMcGirt: that travels with green yeah
(174:47 / Allies) DirtMcGirt: shit no
(174:49 / Allies) BEAR_AND: damn
(174:52 / Allies) BEAR_AND: tp
(175:01 / Allies) BEAR_AND: i like our fort
(175:08 / Allies) BEAR_AND: ty for helping me build it dirt
(175:13 / Allies) DirtMcGirt: np
(175:22 / Allies) BEAR_AND: oh damn we don't have cloud
(175:23 / Allies) BEAR_AND: lol
(175:45 / Allies) DirtMcGirt: it wont matter
(176:25 / Allies) DirtMcGirt: let me down pls
(176:46 / Allies) BEAR_AND: imo always know where green is before hitting
(177:47 / Allies) DirtMcGirt: they are building more towers
(177:50 / Allies) BEAR_AND: i see
(177:52 / Allies) BEAR_AND: waste of money
(178:00 / Allies) BEAR_AND: i'll watch
(178:01 / Allies) BEAR_AND: with the mirrors
(178:02 / Allies) BEAR_AND: you hit
(178:30 / Allies) BEAR_AND: out
(178:53 / Allies) BEAR_AND: whew
(178:55 / Allies) DirtMcGirt: phew
(179:21 / Allies) BEAR_AND: i am a warden
(179:24 / Allies) BEAR_AND: i can blink anywhere
(179:44 / Allies) DirtMcGirt: my roomate is fuckin her boyfriend
(179:54 / Allies) BEAR_AND: hehe
(179:55 / Allies) DirtMcGirt: i can hear it
(180:00 / Allies) BEAR_AND: is it hot
(180:00 / Allies) DirtMcGirt: because she right above my head
(180:03 / Allies) DirtMcGirt: kinda
(180:06 / Allies) DirtMcGirt: i should go up
(180:17 / Allies) DirtMcGirt: Im here for sloppy seconds
(180:34 / Allies) DirtMcGirt: carefu
(180:38 / Allies) BEAR_AND: i have blink
(180:41 / Allies) DirtMcGirt: still
(180:43 / Allies) DirtMcGirt: sleep
(180:43 / Allies) DirtMcGirt: hex
(181:06 / Allies) BEAR_AND: uh oh
(181:10 / Allies) DirtMcGirt: hide
(181:11 / Allies) DirtMcGirt: meld
(181:38 / Allies) DirtMcGirt: ruin
(182:03 / Allies) BEAR_AND: hahaha i can blink upstairs
(182:18 / Allies) BEAR_AND: there's a shade there i think
(184:06 / Allies) BEAR_AND: prob. heal soon
(184:38 / Allies) BEAR_AND: silly guys are giving up red base i guess
(184:54 / Allies) BEAR_AND: yo
(185:00 / Allies) BEAR_AND: i'm giving you my TP scroll in case of emergency
(185:05 / Allies) BEAR_AND: only if emergency ok
(186:25 / Allies) DirtMcGirt: ok
(187:23 / Allies) DirtMcGirt: let me tp down pls
(187:28 / Allies) BEAR_AND: sec
(187:30 / Allies) BEAR_AND: following this bitch
(189:32 / All) DieFatty: that base is useless anyways
(189:37 / All) BEAR_AND: ok
(189:39 / All) DirtMcGirt: yeah only gives me exp
(189:45 / Allies) DirtMcGirt: it doesnt really
(189:51 / Allies) BEAR_AND: towers do a little i think
(189:52 / All) lemonade: farms give xp?
(189:57 / All) DirtMcGirt: nop guess ur right
(190:00 / All) BEAR_AND: curt goes to school?
(191:36 / Allies) DirtMcGirt: bear
(191:37 / Allies) DirtMcGirt: why
(191:39 / Allies) BEAR_AND: what
(191:43 / Allies) DirtMcGirt: did you keep attacking
(191:47 / Allies) BEAR_AND: i didn't
(191:48 / Allies) DirtMcGirt: after i windwalk
(191:57 / Allies) BEAR_AND: i was pressing windwalk as fast as i could
(192:15 / Allies) DirtMcGirt: damn
(192:18 / Allies) DirtMcGirt: if you were there
(192:23 / Allies) DirtMcGirt: he would have died
(192:51 / Allies) DirtMcGirt: keep warden around
(192:56 / Allies) DirtMcGirt: she can go into mountains
(192:56 / Allies) BEAR_AND: yeah
(194:59 / All) BEAR_AND: yo
(195:23 / All) lemonade: ?
(195:46 / Allies) DirtMcGirt: you know what
(195:49 / Allies) DirtMcGirt: they have no air
(195:50 / Allies) DirtMcGirt: at all
(195:53 / Allies) BEAR_AND: yep
(195:56 / Allies) BEAR_AND: they can't win
(196:01 / Allies) DirtMcGirt: im just gonna alt tab
(196:04 / Allies) BEAR_AND: k
(196:06 / Allies) BEAR_AND: do you have aim/msn
(196:08 / Allies) DirtMcGirt: yeah
(196:11 / Allies) BEAR_AND: what
(196:14 / Allies) DirtMcGirt: odbakadirtmcgirt
(196:19 / Allies) BEAR_AND: k
(196:24 / Allies) BEAR_AND: i'll be alt tabbed too
(248:39 / All) BEAR_AND: hi
(249:09 / All) BEAR_AND: hi
(249:21 / All) BEAR_AND: don't go to school tomorrow curt
(265:27 / Allies) BEAR_AND: curt
(265:30 / All) BEAR_AND: curt
(265:33 / All) BEAR_AND: don't go to school tomorrow
(272:15 / All) BEAR_AND: lol
(272:26 / All) BEAR_AND: i see it
(273:21 / All) BEAR_AND: try that again!
(284:11 / Allies) DirtMcGirt: what did they try?
(285:07 / Allies) BEAR_AND: oh hey
(285:11 / Allies) BEAR_AND: you there?
(285:15 / Allies) DirtMcGirt: yah
(285:23 / Allies) BEAR_AND: mining from this
(285:31 / Allies) BEAR_AND: walking very long way
(285:39 / Allies) BEAR_AND: i killed a single wyvern
(285:54 / Allies) BEAR_AND: i think they'll try mining from this one soon
(286:05 / Allies) BEAR_AND: we haven't lost anything
(286:06 / Allies) DirtMcGirt: let em
(286:11 / Allies) BEAR_AND: but they might be 1000 gold richer
(286:15 / Allies) DirtMcGirt: they can only build orc air
(286:18 / Allies) DirtMcGirt: and
(286:19 / Allies) BEAR_AND: yeah
(286:22 / Allies) BEAR_AND: scouting now actually
(286:28 / Allies) DirtMcGirt: he already has really high food
(286:34 / Allies) BEAR_AND: yeah
(286:42 / Allies) DirtMcGirt: how much gold will he get in high upkeep?
(286:44 / Allies) BEAR_AND: 10 or 11 wyverns and a lot of heroes will do that
(286:48 / Allies) BEAR_AND: 4 each time
(286:49 / Allies) BEAR_AND: um
(286:58 / Allies) DirtMcGirt: yeha
(286:59 / Allies) DirtMcGirt: so
(287:11 / Allies) DirtMcGirt: well im going to bed
(287:13 / Allies) BEAR_AND: 552
(287:16 / Allies) BEAR_AND: ok
(287:17 / Allies) DirtMcGirt: feel free to sleep
(287:20 / Allies) BEAR_AND: i know
(287:22 / Allies) DirtMcGirt: i mean they cant do shit
(287:24 / Allies) DirtMcGirt: gn
(287:26 / Allies) BEAR_AND: i'm not staying up for this
(287:31 / Allies) BEAR_AND: i'm on exams schedule
(287:35 / Allies) BEAR_AND: gn
(304:33 / All) BEAR_AND: :)
(316:59 / All) BEAR_AND: do you give up yet?
(325:20 / All) BEAR_AND: oh shit
(325:23 / All) BEAR_AND: where are my heroes???
(336:27 / All) BEAR_AND: have fun with your 552 gold
(336:37 / All) BEAR_AND: don't buy too many wyverns
(339:28 / All) BEAR_AND: ok good night
(339:34 / Allies) BEAR_AND: ;)
(437:09 / Allies) BEAR_AND: ahhhh
(839:03 / All) DirtMcGirt: hi just checking in
(839:06 / All) DirtMcGirt: how r u